 Dungeon Crawl Stone Soup version 0.24-a0-201-gf2055891f0 (webtiles) character file.

Game seed: 6356981601661648099

1025537 PikkenKukken the Grand Master (level 27, -75/215 HPs)
             Began as a Vine Stalker Transmuter on Mar 17, 2019.
             Was the Champion of Makhleb.
             Killed from afar by Cerebov (83 damage)
             ... with a great blast of fire
             ... in Pandemonium on Mar 19, 2019.
             The game lasted 07:59:08 (82402 turns).

PikkenKukken the Grand Master (VSTm)               Turns: 82402, Time: 07:59:08

Health: -75/215    AC: 33    Str:  8 (10) XL:     27
Magic:  0/47       EV: 45    Int: 27      God:    Makhleb [******]
Gold:   8923       SH: 15    Dex: 37      Spells: 2/64 levels left

rFire    . . .     SeeInvis +     - Unarmed
rCold    + . .     Gourm    .   X - +0 buckler {rC+}
rNeg     + . .     Faith    .   (armour currently unavailable)
rPois    ∞         Spirit   +   S - +0 mask of the Dragon {MR+ Slay+3 SInv}
rElec    +         Reflect  .   L - +2 cloak {rPois}
rCorr    .         Harm     .   (gloves currently unavailable)
MR       +++++                  (boots currently unavailable)
Stlth    +++.......             N - amulet of magic regeneration
HPRegen  1.25/turn              u - ring of Ycrememm {AC+4 Str-4 Int+8 Dex+6 Stlth-}
MPRegen  0.55/turn              V - ring of the Turtle {rElec rF+ Dex+5}

@: agile, about to teleport, statue-form, fire vulnerable, very slightly
contaminated, deflect missiles, very slow
A: fangs 3, hooves 1, large bone plates 1, blink, deterioration 1, magic
resistance 1, regeneration 2, evolution 1, magic shield, antimagic bite, no
potion heal 3, rot immunity, subdued magic 2, MP-powered wands
}: 8/15 runes: decaying, serpentine, slimy, silver, iron, obsidian, icy, abyssal
a: End Transformation, Blink, Minor Destruction, Lesser Servant of Makhleb,
Major Destruction, Greater Servant of Makhleb, Renounce Religion


You were in Pandemonium.
You worshipped Makhleb.
Makhleb was exalted by your worship.
You were not hungry.
You were a stone statue.
You visited 17 branches of the dungeon, and saw 86 of its levels.
You visited Pandemonium 1 time, and saw 3 of its levels.
You visited the Abyss 2 times.
You also visited: Ossuary.

You collected 12220 gold pieces.
You spent 3297 gold pieces at shops.

Inventory:

Hand Weapons
 f - the +7 sceptre of Asmodeus
   (You took it off Asmodeus on level 7 of Gehenna)
 o - the +4 staff of Dispater
   (You took it off Dispater on level 7 of the Iron City of Dis)
Missiles
 a - 789 arrows
Armour
 s - the +3 salamander hide armour (melded) {+Rage rF++}
   (You bought it in a shop on level 3 of the Depths)

   It greatly protects you from fire.
   It lets you go berserk.
 t - the +2 hat of the Bear Spirit {Spirit, +Rage rN+ MR++}
   (You found it on level 1 of the Elven Halls)

   It protects you from negative energy.
   It affects your resistance to hostile enchantments.
   It lets you go berserk.
 L - a +2 cloak of poison resistance (worn)
 S - the +0 mask of the Dragon (worn) {MR+ Slay+3 SInv}
   (You bought it in a shop on level 3 of the Depths)

   It affects your accuracy and damage with ranged weapons and melee attacks
   (+3).
   It affects your resistance to hostile enchantments.
   It lets you see invisible.
 W - the +1 ring mail of Indomitability {rElec Regen+ Int+4}
   (You bought it in a shop on level 3 of the Depths)

   It affects your intelligence (+4).
   It insulates you from electricity.
   It increases your rate of regeneration.
 X - a +0 buckler of cold resistance (worn)
Jewellery
 m - the ring "Reqedi" {Dex+6 Slay+3}
   (You took it off a deep elf annihilator on level 3 of the Elven Halls)

   [ring of slaying]

   It affects your dexterity (+6).
   It affects your accuracy and damage with ranged weapons and melee attacks
   (+3).
 u - the ring of Ycrememm (left hand) {AC+4 Str-4 Int+8 Dex+6 Stlth-}
   (You found it on level 7 of Cocytus)

   [ring of protection]

   It affects your AC (+4).
   It affects your strength (-4).
   It affects your intelligence (+8).
   It affects your dexterity (+6).
   It makes you less stealthy.
 F - an uncursed ring of magical power
 H - an uncursed ring of protection from cold
 J - a +4 ring of slaying
 K - the ring "Quick" {rN+ Int+3}
   (You found it on level 7 of Tartarus)

   [ring of positive energy]

   It affects your intelligence (+3).
   It protects you from negative energy.
 N - an amulet of magic regeneration (around neck)
 P - the ring "Methri" {rN+ MP+9 Str+4 Stlth+}
   (You took it off an ironheart preserver on level 5 of the Vaults)

   [ring of magical power]

   It affects your strength (+4).
   It protects you from negative energy.
   It affects your magic capacity (+9).
   It makes you more stealthy.
 V - the ring of the Turtle (right hand) {rElec rF+ Dex+5}
   (You found it on level 3 of the Elven Halls)

   [ring of protection from fire]

   It affects your dexterity (+5).
   It protects you from fire.
   It insulates you from electricity.
 Y - the ring "Diny" {rC+ Slay+2 SInv}
   (You found it on level 5 of the Depths)

   [ring of slaying]

   It affects your accuracy and damage with ranged weapons and melee attacks
   (+2).
   It protects you from cold.
   It lets you see invisible.
Wands
 g - a wand of acid (36)
 k - a wand of flame (37)
 z - a wand of clouds (7)
 I - a wand of digging (32)
Scrolls
 h - 31 scrolls of remove curse
 r - 14 scrolls of teleportation
 v - 2 scrolls of amnesia
 w - a scroll of immolation
 x - a scroll of magic mapping
 y - 6 scrolls of fear
 A - 8 scrolls of blinking
 C - 2 scrolls of enchant weapon
 E - 9 scrolls of fog
 G - 15 scrolls of enchant armour
 M - 27 scrolls of identify
 Q - 3 scrolls of silence
 U - a scroll of holy word
Potions
 b - a potion of haste
 c - 4 potions of magic
 e - 21 potions of curing
 i - 4 potions of cancellation
 j - 5 potions of resistance
 l - 5 potions of agility
 n - 17 potions of flight
 p - 4 potions of ambrosia
 q - 8 potions of brilliance
 B - 4 potions of invisibility
 D - a potion of berserk rage
Miscellaneous
 R - 6 phantom mirrors
Comestibles
 d - 27 rations


   Skills:
 + Level 24.3 Fighting
 - Level 6.0 Armour
 + Level 23.7 Dodging
 - Level 15.0 Shields
 O Level 27 Unarmed Combat
 - Level 19.0 Spellcasting
 - Level 10.0 Charms
 + Level 21.0 Necromancy
 - Level 6.0 Translocations
 - Level 12.0 Transmutations
 - Level 8.0 Air Magic
 - Level 12.7 Earth Magic
   Level 1.0 Poison Magic
 - Level 2.0 Invocations


You had 2 spell levels left.
You knew the following spells:

 Your Spells              Type           Power        Failure   Level  Hunger
a - Necromutation         Tmut/Necr      ######....   9%          8    ######.
b - Sticks to Snakes      Tmut           ######..     0%          2    None
c - Borgnjor's Vile Clut  Necr/Erth      ######....   0%          5    None
d - Animate Skeleton      Necr           N/A          0%          1    None
e - Regeneration          Chrm/Necr      ######....   0%          3    None
f - Infestation           Necr           ######....   1%          8    ######.
g - Summon Lightning Spi  Summ/Air       ####....     1%          4    None
h - Lesser Beckoning      Tloc           #####.....   1%          3    None
i - Deflect Missiles      Chrm/Air       #####.....   3%          6    ##.....
j - Simulacrum            Ice/Necr       ######....   1%          6    ##.....
k - Statue Form           Tmut/Erth      ######...    1%          6    ##.....
l - Apportation           Tloc           #####.       1%          1    None
m - Blade Hands           Tmut           ######....   1%          5    None
o - Animate Dead          Necr           N/A          0%          4    None

Your spell library contained the following spells:

 Spells                   Type           Power        Failure   Level  Hunger
 Beastly Appendage        Tmut           ######       0%          1    None
 Infusion                 Chrm           ####         0%          1    None
 Pain                     Necr           ####         0%          1    None
 Corpse Rot               Necr           N/A          0%          2    None
 Passwall                 Tmut/Erth      ######..     0%          2    None
 Song of Slaying          Chrm           #####...     0%          2    None
 Sublimation of Blood     Necr           ######....   0%          2    None
 Swiftness                Chrm/Air       #####...     0%          2    None
 Confusing Touch          Hex            ###...       1%          1    None
 Corona                   Hex            ###....      1%          1    None
 Flame Tongue             Conj/Fire      ###..        1%          1    None
 Freeze                   Ice            ###.         1%          1    None
 Magic Dart               Conj           ###.         1%          1    None
 Shock                    Conj/Air       ####         1%          1    None
 Sting                    Conj/Pois      ###.         1%          1    None
 Summon Butterflies       Summ           ###.....     1%          1    None
 Summon Small Mammal      Summ           ###.         1%          1    None
 Blink                    Tloc           N/A          1%          2    None
 Call Imp                 Summ           ###.....     1%          2    None
 Ensorcelled Hibernation  Hex/Ice        ###...       1%          2    None
 Poisonous Vapours        Pois/Air       ####..       1%          2    None
 Searing Ray              Conj           ###...       1%          2    None
 Shroud of Golubria       Chrm/Tloc      #####.....   1%          2    None
 Slow                     Hex            ###.....     1%          2    None
 Throw Flame              Conj/Fire      ###...       1%          2    None
 Throw Frost              Conj/Ice       ###...       1%          2    None
 Vampiric Draining        Necr           ######....   0%          3    None
 Death Channel            Necr           ######....   0%          6    ##.....
 Gell's Gravitas          Tloc           #####.....   1%          3    None
 Ignite Poison            Fire/Tmut/Pois ####....     1%          3    None
 Mephitic Cloud           Conj/Pois/Air  ####....     1%          3    None
 Ozocubu's Armour         Chrm/Ice       ####....     1%          3    None
 Portal Projectile        Hex/Tloc       ####..       1%          3    None
 Recall                   Summ/Tloc      N/A          1%          3    None
 Spectral Weapon          Hex/Chrm       ####....     1%          3    None
 Spider Form              Tmut/Pois      #####.....   1%          3    None
 Static Discharge         Conj/Air       ####....     1%          3    None
 Stone Arrow              Conj/Erth      #####.       1%          3    None
 Airstrike                Air            #####.....   1%          4    None
 Ice Form                 Ice/Tmut       #####...     1%          4    None
 Leda's Liquefaction      Hex/Erth       #####.....   1%          4    None
 Petrify                  Tmut/Erth      ######..     1%          4    None
 Alistair's Intoxication  Tmut/Pois      #####...     1%          5    None
 Excruciating Wounds      Chrm/Necr      ######....   1%          5    None
 Hydra Form               Tmut           ######....   1%          6    ##.....
 Borgnjor's Revivificati  Necr           ######....   1%          8    ######.
 Call Canine Familiar     Summ           ###.....     2%          3    None
 Confuse                  Hex            ###.....     2%          3    None
 Conjure Flame            Conj/Fire      ###.....     2%          3    None
 Dazzling Spray           Conj/Hex       ###...       2%          3    None
 Inner Flame              Hex/Fire       ###.....     2%          3    None
 Summon Guardian Golem    Hex/Summ       ###.....     2%          3    None
 Tukima's Dance           Hex            ###.....     2%          3    None
 Force Lance              Conj/Tloc      ####....     2%          4    None
 Irradiate                Conj/Tmut      #####.....   2%          5    None
 Yara's Violent Unravell  Hex/Tmut       #####.....   2%          5    None
 Iskenderun's Battlesphe  Conj/Chrm      ####....     3%          5    None
 Bolt of Magma            Conj/Fire/Erth ####......   5%          5    None
 Lightning Bolt           Conj/Air       ####......   5%          5    None
 Silence                  Hex/Air        ####......   5%          5    None
 Olgreb's Toxic Radiance  Pois           ###.....     7%          4    None
 Summon Forest            Summ/Tloc      ####......   10%         5    None
 Cause Fear               Hex            ###.......   12%         4    None
 Fulminant Prism          Conj/Hex       ###.......   12%         4    None
 Iskenderun's Mystic Bla  Conj           ###.....     12%         4    None
 Sticky Flame             Conj/Fire      ###.....     12%         4    None
 Summon Ice Beast         Ice/Summ       ###.....     12%         4    None
 Throw Icicle             Conj/Ice       ###.....     12%         4    None
 Iron Shot                Conj/Erth      #####.....   13%         6    ##.....
 Haunt                    Necr/Summ      ######....   13%         7    ####...
 Death's Door             Chrm/Necr      ######....   13%         8    ######.
 Dispersal                Tloc           #####.....   16%         6    ##.....
 Venom Bolt               Conj/Pois      ###.......   28%         5    None
 Aura of Abjuration       Summ           ###.......   34%         5    None
 Fireball                 Conj/Fire      ###.......   34%         5    None
 Metabolic Englaciation   Hex/Ice        ###.......   34%         5    None
 Summon Demon             Summ           ###.......   34%         5    None
 Summon Mana Viper        Hex/Summ       ###.....     34%         5    None
 Freezing Cloud           Conj/Ice/Air   ####......   56%         6    ##.....
 Ring of Flames           Chrm/Fire      ####......   83%         7    ####...
 Poison Arrow             Conj/Pois      ###.......   87%         6    ##.....
 Bolt of Fire             Conj/Fire      ###.......   91%         6    ##.....
 Darkness                 Hex            ###.......   91%         6    ##.....
 Invisibility             Hex            ###.....     91%         6    ##.....
 Ozocubu's Refrigeration  Ice            ###.......   91%         6    ##.....
 Shadow Creatures         Summ           N/A          91%         6    ##.....
 Malign Gateway           Summ/Tloc      ####......   98%         7    ####...
 Monstrous Menagerie      Summ           ###.......   100%        7    ####...
 Orb of Destruction       Conj           ###.......   100%        7    ####...
 Spellforged Servitor     Conj/Summ      ###.......   100%        7    ####...
 Summon Greater Demon     Summ           ###.......   100%        7    ####...
 Summon Hydra             Summ           ###.......   100%        7    ####...
 Chain Lightning          Conj/Air       ####......   100%        8    ######.
 Controlled Blink         Tloc           N/A          100%        8    ######.
 Discord                  Hex            ###.......   100%        8    ######.
 Disjunction              Tloc           #####.....   100%        8    ######.
 Ignition                 Fire           ###.......   100%        8    ######.
 Lehudib's Crystal Spear  Conj/Erth      #####.....   100%        8    ######.
 Summon Horrible Things   Summ           ###.......   100%        8    ######.
 Fire Storm               Conj/Fire      ###.......   100%        9    #######
 Glaciate                 Conj/Ice       ###.......   100%        9    #######
 Shatter                  Erth           ######....   100%        9    #######


Dungeon Overview and Level Annotations

Branches:
Dungeon (15/15)            Temple (1/1) D:5            Lair (6/6) D:10
  Swamp (4/4) Lair:2        Snake (4/4) Lair:4        Slime (5/5) Lair:5
    Orc (2/2) D:12            Elf (3/3) Orc:2        Vaults (5/5) D:13
  Crypt (3/3) Vaults:2       Tomb (0/3) Crypt:3      Depths (5/5) D:15
   Hell (1/1)                 Dis (7/7) Hell            Geh (7/7) Hell
    Coc (7/7) Hell            Tar (7/7) Hell            Zot (4/5) Depths:5

Altars:
Ashenzari
Cheibriados
Dithmenos
Elyvilon
Fedhas
Gozag
Hepliaklqana
Kikubaaqudgha
Makhleb
Nemelex Xobeh
Okawaru
Qazlal
Ru
Sif Muna
Trog
Uskayaw
Vehumet
Wu Jian
Xom
Yredelemnul
Zin
The Shining One
Beogh

Shops:
D:7 [   D:15 *   Orc:2 =(!*   Elf:1 (   Vaults:2 *   Vaults:4 !   Depths:3 [
Depths:5 =}=

Portals:
Hell: Hell* Depths:1 Depths:2 Depths:3 Depths:4 Depths:5
Abyss: Depths:4
Pandemonium: Depths:3 Depths:5
Ziggurat: Depths:4

Annotations:
D:7 2 transporters, kr4n3's ghost, novice GnWz
Lair:1 1 runed translucent door, iamterjio's ghost, journeyman OpWn
Depths:3 1 runed translucent door
Depths:5 1 runed translucent door, Eguij Fesh's ghost, legendary FoFi
Zot:1 1 transporter, 1 runed translucent door, Lolawn's ghost, legendary DEFE
Pan Cerebov


Innate Abilities, Weirdness & Mutations

You have razor-sharp teeth.
You heal very quickly.
When hurt, damage is shared between your health and your magic reserves.
Your bite disrupts and absorbs the magic of your enemies.
Potions cannot restore your health.
You are immune to rotting.
You have large cloven feet.
((You are partially covered in iridescent scales. (AC +2)))
You are partially covered in large bone plates. (SH +4)
You can translocate small distances at will.
Your body sometimes deteriorates upon taking damage.
You are resistant to hostile enchantments. (MR+)
You evolve.
Your spells are easier to cast, but less powerful.
You expend magic power (3 MP) to strengthen your wands.


Message History

2 fire vortices come into view.
Blink to where?
Press: ? - help, Dir - move target cursor, p - Cerebov You are very lightly contaminated with residual magic.
As you read the scroll of blinking, it crumbles to dust.
A ynoxinul comes into view.
A fire vortex comes into view.
The balrug gestures at you. Something smites you!
* * * LOW HITPOINT WARNING * * *
The ynoxinul gestures.
The fire vortex moves out of view. x2
Blink to where?
Press: ? - help, Dir - move target cursor
As you read the scroll of blinking, it crumbles to dust.
The ynoxinul gestures.
As you read the scroll of teleportation, it crumbles to dust.
You feel strangely unstable. Cerebov gestures at you.
A raging storm of fire appears!
The great blast of fire engulfs you!!!!
You die...

###################
.........s........#
....#####s........#
. #.........#
####### #.........#
#.....# ###.......#
#8##'##.##......#
#....5.5.##.....#
########&.#.....##
#.#####....
#v#☼..#...)
#&○v|.#.S.) #○#
#.... #.#####S...
..####2°○#○)....


You could see Cerebov and 2 ufetubi.

Vanquished Creatures
  Antaeus (Coc:7)
  A pandemonium lord (Pan)
  Asmodeus (Geh:7)
  the Royal Jelly (Slime:5)
  Ereshkigal (Tar:7)
  the Serpent of Hell (Tar:7)
  5 ancient liches
  Khufu (Crypt:2)
  A juggernaut (Depths:2)
  2 greater mummies (Crypt:2)
  7 shard shrikes (Coc:7)
  The ghost of Xeuhiozo the Slayer, a master MiFi of Wu Jian (Zot:3)
  A Killer Klown (Zot:3)
  Margery (Crypt:2)
  the Lernaean hydra (Swamp:4)
  Boris (twice) (Vaults:4 Crypt:2)
  The ghost of Kipell the Imperceptible, a legendary SpEn of Dithmenos (Zot:3)
  Frederick (Crypt:1)
  2 curse toes
  4 caustic shrikes (Depths:5)
  Bai Suzhen (Snake:3)
  Xtahua (Crypt:1)
  9 golden dragons
  Vashnia (Snake:1)
  Geryon (Hell)
  3 profane servitors
  11 bone dragons
  The ghost of Nauled the Scorcher, a veteran GrFE of Vehumet (Depths:4)
  18 Brimstone Fiends
  23 Tzitzimimeh
  6 doom hounds
  An electric golem (Zot:1)
  5 iron giants
  21 liches
  16 tentacled monstrosities
  A hellephant (Hell)
  4 Hell Sentinels (Dis:7)
  13 Ice Fiends
  The ghost of Ilyomud the Champion of Chaos, an adept DDFi of Makhleb (Zot:3)
  Asterion (Vaults:1)
  2 deep elf blademasters
  2 deep elf master archers (Elf:3)
  6 titans
  23 acid blobs
  8 death cobs
  5 quicksilver dragons
  5 tentacled starspawn
  2 Executioners
  An eldritch tentacle (Coc:7)
  15 ancient champions
  19 shadow dragons
  4 sphinxes
  14 storm dragons
  4 thorn hunters
  Donald (Swamp:2)
  Roxanne (D:14)
  11 tengu reavers
  A revenant (Crypt:1)
  5 draconian monks
  11 azure jellies
  3 nagarajas (Snake:4)
  20 fire giants
  7 deep elf sorcerers
  9 draconian scorchers
  6 frost giants
  19 balrugs
  9 iron dragons
  Aizul (Elf:3)
  Louise (Swamp:4)
  A ghost moth (Zot:1)
  4 cacodemons
  9 draconian knights
  9 vault wardens
  2 corrupters (Pan)
  10 deep elf elementalists
  An orc warlord (D:15)
  3 warmongers (Pan)
  2 curse skulls
  2 draconian stormcallers
  5 ghouls
  12 ironheart preservers
  4 draconian annihilators (Zot:1)
  A spriggan defender (Depths:4)
  An elemental wellspring (Coc:3)
  27 very ugly things
  44 reapers
  14 war gargoyles
  6 draconian shifters
  8 green draconians
  8 black draconians
  14 stone giants
  25 starcursed masses
  2 entropy weavers (Lair:4)
  8 yellow draconians
  7 deep elf annihilators (Elf:3)
  3 black suns (Pan)
  5 deep elf demonologists
  12 white draconians
  18 vampire knights
  11 purple draconians
  A dire elephant (Lair:5)
  6 spark wasps
  2 merfolk javelineers (Depths:1)
  15 red draconians
  An eidolon (Crypt:1)
  4 crystal guardians
  17 blizzard demons
  11 ettins
  3 green deaths
  5 quicksilver dragon zombies
  11 fire dragons
  13 death oozes
  Snorg (Lair:6)
  A kraken zombie (Coc:7)
  9 deep elf death magi
  8 jiangshi
  20 yaktaur captains
  A great orb of eyes (shapeshifter) (Depths:3)
  26 vault guards
  10 great orbs of eyes
  7 rakshasas
  13 hydras
  8 deep elf high priests
  3 monstrous demonspawn
  20 ice dragons
  3 spriggan air magi
  5 ghost crabs
  11 naga warriors
  5 quicksilver dragon skeletons
  4 catoblepae
  14 anacondas
  2 shambling mangroves
  4 death knights
  44 two-headed ogres
  7 centaur warriors
  17 ogre magi
  31 dancing weapons
  A death yak (shapeshifter) (Vaults:5)
  18 alligators
  18 death yaks
  2 satyrs (Abyss:3)
  An alligator (shapeshifter) (Vaults:5)
  13 thrashing horrors
  9 vampire magi
  15 deep troll shamans
  A queen ant (Lair:4)
  28 hell hogs
  8 tengu warriors
  8 titan zombies
  9 deep troll earth magi
  11 shock serpents
  An orc high priest (Elf:1)
  A shock serpent (shapeshifter) (Vaults:5)
  24 sun demons
  Sonja (Orc:2)
  6 spriggan berserkers
  28 deep elf knights
  11 naga sharpshooters
  4 storm dragon zombies
  2 spatial maelstroms (Abyss:3)
  5 iron golems
  23 soul eaters
  5 wretched stars (Abyss:3)
  Nergalle (D:12)
  8 titan skeletons
  14 shadow wraiths
  80 skeletal warriors
  5 sixfirhies
  53 hell knights
  4 salamander mystics
  A golden dragon zombie (Dis:7)
  2 storm dragon skeletons
  32 deep trolls
  2 quicksilver dragon simulacra
  3 anaconda zombies
  5 shadow dragon zombies
  17 shadow demons
  8 sea snakes
  3 glowing orange brains
  2 ghost moth zombies
  6 naga ritualists
  3 unseen horrors
  4 wizards
  4 spriggan druids
  A gelid demonspawn (Pan)
  2 infernal demonspawn
  2 harpies (shapeshifter)
  9 ironbrand convokers
  10 flayed ghosts
  2 lindwurms
  16 phantasmal warriors
  A glowing orange brain (shapeshifter) (Vaults:3)
  3 harpies (Vaults:5)
  2 golden dragon skeletons
  7 iron dragon zombies
  15 swamp dragons
  12 deep elf archers
  3 wolf spider zombies
  2 anaconda skeletons
  4 fire giant zombies
  2 wolf spiders (Vaults:4)
  20 necromancers
  12 orc knights
  4 mana vipers
  4 orc sorcerers
  6 stone giant zombies
  11 frost giant zombies
  2 shining eyes
  A cyclops (shapeshifter) (Depths:5)
  4 shadow dragon skeletons
  42 deep elf magi
  2 manticores (D:15)
  40 ugly things
  8 worldbinders
  27 moths of wrath
  12 elephants
  A manticore (shapeshifter) (Depths:5)
  2 stone giant skeletons
  3 cyclopes
  Maurice (D:13)
  11 vault sentinels
  A shock serpent zombie (Tar:7)
  7 frost giant skeletons
  3 iron dragon skeletons
  A guardian serpent (shapeshifter) (D:14)
  8 apocalypse crabs
  3 ice statues
  10 salamanders
  3 torpor snails (Lair:6)
  4 dire elephant zombies
  4 human skeletons
  16 naga magi
  7 guardian serpents
  8 orange demons
  2 fire giant skeletons
  2 water nymphs (Abyss:3)
  37 rust devils
  21 smoke demons
  A spiny frog (shapeshifter) (Abyss:2)
  22 black mambas
  2 shock serpent skeletons
  8 molten gargoyles
  3 centaur skeletons
  4 rime drakes
  2 gargoyles
  2 emperor scorpion zombies
  12 spiny frogs
  31 hellions
  61 yaktaurs
  3 dire elephant skeletons
  8 komodo dragons
  24 freezing wraiths
  5 efreet
  5 demonic crawlers
  7 hellwings
  2 swamp worm zombies (Crypt:1)
  27 ice devils
  40 tormentors
  5 ancient zymes
  A catoblepas zombie (Tar:7)
  20 red devils
  A komodo dragon (shapeshifter) (D:15)
  3 tengu conjurers
  2 meliai (shapeshifter)
  An anaconda simulacrum (Coc:7)
  6 hydra zombies
  2 silent spectres (Tar:5)
  3 harpy zombies
  3 meliai (D:15)
  A hornet (shapeshifter) (Vaults:3)
  12 tyrant leeches
  10 trolls
  8 polar bears
  23 raiju
  2 tengu simulacra
  An ice dragon zombie (Coc:7)
  12 blink frogs
  8 bog bodies
  4 fire dragon zombies
  18 hornets
  2 harpy skeletons
  5 dream sheep (Lair:6)
  7 hydra skeletons
  8 ettin zombies
  A meliai zombie (Crypt:1)
  93 slime creatures
  A human simulacrum (Vaults:2)
  7 hippogriffs
  A blink frog (shapeshifter) (Depths:1)
  38 shadows
  74 flying skulls
  11 water elementals
  An alligator skeleton (Hell)
  33 large abominations
  4 alligator zombies
  2 black mamba zombies
  A tarantella (Vaults:3)
  4 ice dragon skeletons
  2 redbacks (Vaults:3)
  3 air elementals
  4 ettin skeletons
  4 wyverns
  3 fire dragon skeletons
  A spriggan (shapeshifter) (Depths:4)
  4 spriggans (Depths:4)
  14 fire elementals
  19 wraiths
  32 yaks
  12 ynoxinuls
  9 humans
  A basilisk (Lair:2)
  2 black mamba skeletons
  5 golden eyes
  A hog (Abyss:3)
  3 fire bats
  4 chaos spawn
  9 neqoxecs
  A steam dragon (D:11)
  A steam dragon (shapeshifter) (Depths:3)
  4 hungry ghosts
  23 vampire mosquitoes
  A harpy simulacrum (Coc:7)
  9 wargs
  A warg (shapeshifter) (Depths:3)
  57 nagas
  3 insubstantial wisps (Abyss:1)
  2 acid dragons
  7 swamp worms
  An infernal demonspawn zombie (Geh:1)
  19 soldier ants
  2 floating eyes
  65 hell hounds
  11 water moccasins
  6 porcupines
  4 spiny frog zombies
  10 swamp drakes
  A floating eye (shapeshifter) (Elf:1)
  6 spiny frog skeletons
  3 alligator simulacra
  11 black bears
  8 eyes of draining
  2 snapping turtle zombies
  4 ice beasts
  49 orc warriors
  2 sky beasts
  An ice dragon simulacrum (Coc:7)
  8 phantoms
  3 manticore zombies
  29 ogres
  4 swamp dragon zombies
  29 small abominations
  16 wolves
  22 necrophages
  A tengu (Abyss:3)
  18 boggarts
  A fire dragon simulacrum (Abyss:1)
  5 snapping turtle skeletons
  16 centaurs
  A blink frog skeleton (Crypt:1)
  8 crocodiles
  A big kobold (shapeshifter) (Elf:1)
  A hippogriff zombie (Crypt:1)
  An elf zombie (Ossuary)
  2 fire crab zombies
  19 bullfrogs
  A deep troll simulacrum (Vaults:5)
  A glowing shapeshifter simulacrum (Vaults:4)
  A gnoll sergeant (D:7)
  A wyvern zombie (Crypt:2)
  A spiny frog simulacrum (Hell)
  2 earth elementals (Elf:3)
  3 wyvern skeletons
  8 scorpions
  63 killer bees
  A manticore simulacrum (Hell)
  A snapping turtle simulacrum (Hell)
  5 troll skeletons
  6 electric eels (Snake:2)
  87 wights
  10 crimson imps
  3 bullfrog zombies
  3 quasits
  9 centaur zombies
  6 hounds
  3 human zombies
  4 jellies
  17 orc priests
  2 bullfrog skeletons
  26 iron imps
  23 orc wizards
  26 worker ants
  5 iguanas
  2 hell rats (D:10)
  A naga zombie (Dis:7)
  A big kobold zombie (Ossuary)
  A tengu zombie (Coc:5)
  4 hound zombies
  A big kobold skeleton (Crypt:2)
  7 mummies
  A worker ant zombie (D:4)
  11 gnolls
  A howler monkey skeleton (D:2)
  20 adders
  A river rat (D:9)
  17 shadow imps
  14 white imps
  5 ufetubi (Abyss:3)
  An ooze (D:2)
  5 adder zombies (Ossuary)
  6 worms
  A dart slug (D:1)
  7 leopard geckos
  96 orcs
  8 bats
  12 giant cockroaches
  23 goblins
  10 hobgoblins
  10 jackals
  A quokka (shapeshifter) (Depths:5)
  10 quokkas
  4 ball pythons
  10 frilled lizards
  A frilled lizard skeleton (Crypt:1)
  A giant cockroach zombie (D:6)
  4 goblin zombies (Ossuary)
  3 hobgoblin zombies (Ossuary)
  5 jackal zombies
  13 kobolds
  5 kobold zombies (Ossuary)
  A leopard gecko zombie (D:5)
  An orc skeleton (Tar:7)
  4 orc zombies
  A quokka zombie (Ossuary)
  11 rats
  2 rat zombies (Ossuary)
  3 fire vortices
  A fungus (Lair:3)
  A lurking horror (Abyss:2)
  2 starspawn tentacles (Abyss:3)
3990 creatures vanquished.

Vanquished Creatures (collateral kills)
  Dispater (Dis:7)
  Sojobo (Vaults:3)
  Nikola (Snake:1)
  2 golden dragons
  A Tzitzimitl (Tar:5)
  A Brimstone Fiend (Dis:7)
  An Ice Fiend (Coc:7)
  2 Hell Sentinels
  A titan (Depths:3)
  A quicksilver dragon (Dis:7)
  5 ancient champions (Dis:7)
  3 shadow dragons
  A draconian knight (Zot:4)
  A blood saint (Pan)
  2 nagarajas (Snake:4)
  4 deep elf sorcerers (Elf:3)
  A fire giant (Depths:3)
  A draconian scorcher (Zot:3)
  A vault warden (Vaults:1)
  3 frost giants
  2 balrugs (Pan)
  A deep elf elementalist (Elf:3)
  A ghoul (Crypt:3)
  An ironheart preserver (Vaults:3)
  2 war gargoyles
  6 reapers
  A draconian annihilator (Zot:3)
  A draconian stormcaller (Zot:2)
  4 very ugly things
  2 elemental wellsprings (Coc:7)
  3 stone giants
  An entropy weaver (Vaults:3)
  3 green draconians
  A white draconian (Zot:1)
  3 deep elf demonologists
  A dire elephant (Lair:4)
  A spark wasp (Depths:3)
  A yellow draconian (Zot:4)
  2 deep elf annihilators (Elf:3)
  A deep elf death mage (Crypt:1)
  8 blizzard demons
  2 ettins
  A yaktaur captain (Vaults:4)
  A great orb of eyes (Vaults:5)
  3 fire dragons
  12 slime creatures
  2 deep elf high priests
  10 hydras
  11 ice dragons (Coc:7)
  A rakshasa (Depths:3)
  A shambling mangrove (Swamp:4)
  A naga warrior (Snake:1)
  A ghost crab (Swamp:2)
  6 two-headed ogres
  A dancing weapon (Elf:1)
  3 alligators
  A deep troll shaman (Depths:3)
  A death yak (Lair:5)
  2 hell hogs
  2 shock serpents
  2 naga sharpshooters (Snake:3)
  2 thrashing horrors (Abyss:3)
  2 spriggan berserkers
  A soul eater (Hell)
  A deep elf knight (Vaults:4)
  7 sun demons
  12 hell knights
  A titan skeleton (Coc:7)
  A wretched star (Abyss:3)
  10 skeletal warriors
  A sea snake (Snake:2)
  A naga ritualist (Snake:4)
  A wizard (Depths:4)
  3 flayed ghosts
  2 swamp dragons (Swamp:3)
  3 gelid demonspawn (Pan)
  A storm dragon skeleton (Coc:7)
  2 spriggan druids
  A shadow demon (Pan)
  3 deep trolls
  A ghost moth zombie (Coc:7)
  A phantasmal warrior (Tar:5)
  2 anaconda skeletons
  2 anaconda zombies
  3 necromancers
  An ironbrand convoker (Vaults:3)
  An orc knight (Orc:2)
  A harpy (Vaults:3)
  5 deep elf magi
  A shadow dragon skeleton (Coc:7)
  2 cyclopes
  3 shining eyes
  7 ugly things
  A fire giant zombie (Dis:5)
  A mana viper (Snake:4)
  An iron dragon skeleton (Coc:7)
  A salamander (Snake:1)
  A frost giant skeleton (Coc:7)
  A dire elephant zombie (Tar:5)
  A fire giant skeleton (Coc:7)
  A guardian serpent (Snake:1)
  3 stone giant skeletons
  6 rust devils
  An ice statue (Coc:7)
  3 smoke demons
  4 black mambas
  2 naga magi (Snake:4)
  A centaur skeleton (D:14)
  4 spiny frogs
  A vault sentinel (Vaults:4)
  A shock serpent skeleton (Coc:7)
  A spiny frog (shapeshifter) (Abyss:3)
  2 orange demons
  3 hellions
  A rime drake (shapeshifter) (Depths:4)
  A rime drake (Swamp:4)
  2 hellwings
  2 tormentors
  An efreet (Pan)
  11 freezing wraiths (Coc:7)
  8 yaktaurs
  An alligator snapping turtle skeleton (Crypt:1)
  12 ice devils
  2 hydra zombies
  9 red devils
  A troll (Orc:1)
  A troll (shapeshifter) (Vaults:3)
  A polar bear (Lair:6)
  7 tyrant leeches
  4 bog bodies (Coc:7)
  3 harpy skeletons
  3 hornets
  An ettin zombie (Crypt:3)
  A hippogriff (shapeshifter) (Vaults:5)
  An alligator zombie (Coc:7)
  A raiju (Lair:6)
  2 large abominations (Abyss:3)
  A dream sheep (Lair:6)
  A fire dragon zombie (Tar:5)
  11 flying skulls
  3 starcursed masses (Abyss:3)
  A shadow (Tar:5)
  An ettin skeleton (Geh:1)
  An ice dragon skeleton (Tar:5)
  3 yaks
  A ynoxinul (Pan)
  A human (D:13)
  2 water elementals
  2 wraiths (Dis:7)
  2 fire bats (Depths:3)
  2 chaos spawn (Abyss:3)
  5 vampire mosquitoes
  11 nagas
  A warg (Vaults:3)
  3 swamp worms
  A spiny frog zombie (Coc:7)
  2 water moccasins
  6 hell hounds
  4 orc warriors
  2 ice beasts
  3 black bears
  2 snapping turtle zombies
  2 swamp drakes
  A necrophage (Tar:5)
  An ogre (Vaults:4)
  A wolf (Lair:6)
  2 centaurs
  A small abomination (Abyss:3)
  A crocodile (Lair:4)
  A bullfrog (Lair:4)
  2 killer bees (Lair:3)
  5 wights
  An electric eel (Snake:2)
  3 iron imps (Dis:7)
  An orc priest (Orc:1)
  3 orc wizards
  A human skeleton (Geh:1)
  6 worker ants (Lair:4)
  A tengu zombie (Dis:7)
  2 mummies (Dis:7)
  An adder (D:6)
  A shadow imp (Tar:7)
  9 white imps
  17 orcs
  2 ball pythons (Snake:3)
  2 giant cockroaches (Vaults:4)
  A hobgoblin (D:3)
  A goblin skeleton (Crypt:2)
  A bush (Lair:3)
  5 fungi
  9 plants
501 creatures vanquished.

Vanquished Creatures (others)
  An eldritch tentacle (Dis:4)
  An ironheart preserver (Vaults:3)
  An elemental wellspring (Coc:7)
  A red draconian (Zot:1)
  A blizzard demon (Coc:7)
  2 yaktaur captains (Vaults:3)
  A quicksilver dragon zombie (Geh:7)
  An ogre mage (Abyss:3)
  A deep troll (Depths:1)
  A black mamba (Snake:4)
  A smoke demon (Hell)
  2 large abominations
  A blink frog (Abyss:3)
  2 bog bodies (Coc:7)
  3 flying skulls (Geh:7)
  A shadow (Geh:1)
  2 fire bats (Abyss:3)
  A wraith (Crypt:1)
  A human (D:13)
  A human simulacrum (Vaults:5)
  4 chaos spawn (Abyss:3)
  A naga (Snake:4)
  A hell hound (Geh:6)
  An orc warrior (Vaults:2)
  2 small abominations (Abyss:3)
  A necrophage (Geh:1)
  A wolf (Lair:6)
  An ogre (Vaults:3)
  A wight (Abyss:3)
  A jelly (D:10)
  An iron imp (Dis:4)
  4 orcs
  3 briar patches (Swamp:2)
  3 fire vortices
  13 fungi
  6 lurking horrors (Abyss:3)
  65 plants
  10 starspawn tentacles
  15 toadstools (Lair:4)
160 creatures vanquished.

Grand Total: 4651 creatures vanquished

Notes
Turn   | Place    | Note
-------+----------+-------------------------------------------
     0 | D:1      | PikkenKukken the Vine Stalker Transmuter began the quest
                  | for the Orb.
     0 | D:1      | Reached XP level 1. HP: 9/9 MP: 4/4
    24 | D:1      | Reached skill level 1 in Fighting
   237 | D:1      | Reached XP level 2. HP: 7/14 MP: 4/6
  1030 | D:1      | Reached XP level 3. HP: 16/18 MP: 4/7
  1352 | D:1      | Learned a level 2 spell: Sticks to Snakes
  1356 | D:1      | Learned a level 3 spell: Spider Form
  1810 | D:2      | Gained mutation: Your natural rate of healing is unusually
                  | fast. [Vine Stalker growth]
  1810 | D:2      | Reached XP level 4. HP: 23/23 MP: 8/8
  1870 | D:2      | Reached skill level 4 in Unarmed Combat
  2120 | D:1      | Reached skill level 1 in Armour
  2323 | D:2      | Reached XP level 5. HP: 24/26 MP: 6/9
  2618 | D:2      | Reached skill level 5 in Fighting
  2618 | D:2      | Reached skill level 5 in Dodging
  2618 | D:2      | Reached skill level 8 in Unarmed Combat
  2618 | D:2      | Reached XP level 6. HP: 35/35 MP: 10/10
  2863 | D:3      | Reached skill level 9 in Unarmed Combat
  3204 | D:3      | Found a radiant altar of Vehumet.
  3558 | D:3      | Reached skill level 1 in Poison Magic
  3702 | D:4      | Reached XP level 7. HP: 39/39 MP: 8/11
  4158 | D:4      | Found a basalt altar of Yredelemnul.
  4532 | D:4      | Gained mutation: You have razor-sharp teeth. [Vine Stalker
                  | growth]
  4532 | D:4      | Reached XP level 8. HP: 43/43 MP: 10/14
  4565 | D:4      | Found an ornate altar of the Wu Jian Council.
  5085 | D:5      | Entered Level 5 of the Dungeon
  5241 | D:5      | Found a sand-covered staircase.
  5247 | Ossuary  | Entered an ossuary
  5570 | Ossuary  | Reached skill level 5 in Spellcasting
  5573 | Ossuary  | Learned a level 1 spell: Animate Skeleton
  5842 | D:5      | Found a staircase to the Ecumenical Temple.
  5851 | Temple   | Entered the Ecumenical Temple
  5875 | Temple   | Became a worshipper of Makhleb the Destroyer
  5910 | D:5      | Reached skill level 1 in Necromancy
  6365 | D:5      | Reached XP level 9. HP: 38/47 MP: 11/17
  6598 | D:5      | Reached * piety under Makhleb
  6749 | D:5      | Found a blossoming altar of Fedhas.
  6874 | D:5      | Reached skill level 5 in Transmutations
  7168 | D:6      | Found a hazy altar of Hepliaklqana.
  7328 | D:6      | Reached ** piety under Makhleb
  7446 | D:6      | Found a hide-covered altar of Uskayaw.
  7470 | D:6      | Found a transporter.
  7480 | D:6      | Found a transporter.
  7987 | D:7      | Found a bloodstained altar of Trog.
  7987 | D:7      | Noticed a moth of wrath
  7989 | D:7      | Noticed kr4n3's ghost (novice GnWz)
  7989 | D:7      | Identified the +7 halberd "Imusonyrr" {speed, Stlth+}
  7989 | D:7      | Noticed a tengu warrior
  7997 | D:7      | Found a transporter.
  8001 | D:7      | Found a transporter.
  8068 | D:7      | Found Amasee's Antique Armour Shop.
  8393 | D:7      | Found a glowing silver altar of Zin.
  8819 | D:7      | Reached XP level 10. HP: 41/51 MP: 11/20
  8990 | D:7      | Learned a level 5 spell: Blade Hands
  9214 | D:8      | Paralysed by a hornet for 2 turns
  9477 | D:8      | Found a sparkling altar of Nemelex Xobeh.
  9785 | D:8      | Found a bloodstained altar of Trog.
  9824 | D:8      | Got a pitted ring mail
  9835 | D:8      | Identified the +3 ring mail of Qunaucamo {rF+ MR+} (You
                  | found it on level 8 of the Dungeon)
 10226 | D:9      | Reached *** piety under Makhleb
 10309 | D:9      | Found a glowing silver altar of Zin.
 10486 | D:9      | Found an opulent altar of Gozag.
 10573 | D:9      | Noticed a two-headed ogre
 10581 | D:9      | Killed a two-headed ogre
 10946 | D:6      | Gained mutation: You are agile. (Dex +2) [potion of
                  | mutation]
 10946 | D:6      | Gained mutation: Your body sometimes deteriorates upon
                  | taking damage. [potion of mutation]
 10946 | D:6      | Gained mutation: You have a pair of small horns on your
                  | head. [potion of mutation]
 10955 | D:6      | Reached XP level 11. HP: 43/56 MP: 13/24
 11064 | D:10     | Entered Level 10 of the Dungeon
 11108 | D:10     | Noticed a death yak
 11122 | D:10     | Killed a death yak
 11136 | D:10     | Noticed a death yak
 11136 | D:10     | Noticed a death yak
 11235 | D:9      | Killed a death yak
 11341 | D:9      | Lost mutation: You are agile. (Dex +2) [potion of mutation]
 11341 | D:9      | Lost mutation: Your body sometimes deteriorates upon taking
                  | damage. [potion of mutation]
 11341 | D:9      | Lost mutation: You have a pair of small horns on your head.
                  | [potion of mutation]
 11341 | D:9      | Gained mutation: Your body sometimes deteriorates upon
                  | taking damage. [potion of mutation]
 11341 | D:9      | Gained mutation: You are weak. (Str -2) [potion of
                  | mutation]
 11341 | D:9      | Gained mutation: You have a pair of small horns on your
                  | head. [potion of mutation]
 11341 | D:9      | Gained mutation: Your system is resistant to poisons.
                  | (rPois) [potion of mutation]
 11414 | D:10     | Killed a death yak
 11637 | D:10     | Found a staircase to the Lair.
 11645 | D:10     | Lost mutation: You have a pair of small horns on your head.
                  | [potion of mutation]
 11645 | D:10     | Lost mutation: Your body sometimes deteriorates upon taking
                  | damage. [potion of mutation]
 11645 | D:10     | Gained mutation: You are partially covered in iridescent
                  | scales. (AC +2) [potion of mutation]
 11645 | D:10     | Gained mutation: You expend magic power (3 MP) to
                  | strengthen your wands. [potion of mutation]
 11937 | D:10     | Noticed a deep elf mage
 11997 | D:10     | Killed a deep elf mage
 12142 | D:10     | Reached **** piety under Makhleb
 12305 | Lair:1   | Entered Level 1 of the Lair of Beasts
 12611 | Lair:1   | Found a runed translucent door.
 12612 | Lair:1   | Found a shimmering altar of Xom.
 12612 | Lair:1   | Noticed iamterjio's ghost (journeyman OpWn)
 12613 | Lair:1   | Noticed a +1 scimitar of chaos
 12682 | Lair:1   | Reached skill level 1 in Invocations
 12886 | Lair:1   | Found an iron altar of Okawaru.
 12960 | Lair:1   | Reached skill level 10 in Spellcasting
 13549 | Lair:2   | Gained mutation: You heal very quickly. [Vine Stalker
                  | growth]
 13549 | Lair:2   | Reached XP level 12. HP: 54/62 MP: 16/27
 13596 | Lair:2   | Reached skill level 10 in Unarmed Combat
 13874 | Lair:2   | Got a pitted leather armour
 13885 | Lair:2   | Identified the cursed +1 leather armour of Indemnity {rF+
                  | MR++ MP-9} (You found it on level 2 of the Lair of Beasts)
 13948 | Lair:2   | Noticed a seven-headed hydra
 14057 | Lair:2   | Killed a seven-headed hydra
 14083 | Lair:2   | Noticed a six-headed hydra
 14089 | Lair:2   | Killed a six-headed hydra
 14095 | Lair:2   | Found a staircase to the Swamp.
 14695 | Lair:3   | Reached ***** piety under Makhleb
 14843 | Lair:3   | Noticed an eight-headed hydra
 14860 | Lair:3   | Killed an eight-headed hydra
 15111 | Lair:3   | Reached skill level 11 in Unarmed Combat
 15111 | Lair:3   | Reached skill level 10 in Transmutations
 15505 | Lair:4   | Noticed an eight-headed hydra
 15516 | Lair:3   | Killed an eight-headed hydra
 15740 | Lair:4   | Noticed a catoblepas
 15746 | Lair:4   | Reached XP level 13. HP: 67/67 MP: 19/28
 15874 | Lair:4   | Noticed an entropy weaver
 15974 | Lair:4   | Killed an entropy weaver
 16691 | Lair:1   | Learned a level 4 spell: Ice Form
 17089 | Lair:4   | Noticed an entropy weaver
 17100 | Lair:4   | Killed an entropy weaver
 17161 | Lair:4   | Identified a scroll of acquirement
 17501 | Lair:4   | Found a staircase to the Snake Pit.
 17620 | Lair:4   | Noticed a dire elephant
 17640 | Lair:4   | Found a runed translucent door.
 17702 | Lair:4   | Reached skill level 12 in Unarmed Combat
 17845 | Lair:4   | Killed a dire elephant
 17959 | Lair:4   | Identified the Incunabulum of Creative Snow
 18504 | Lair:4   | Reached XP level 14. HP: 28/75 MP: 3/29
 18893 | Lair:5   | Found a staircase to the Slime Pits.
 19063 | Lair:5   | Reached ****** piety under Makhleb
 19340 | Lair:6   | Entered Level 6 of the Lair of Beasts
 19634 | Lair:6   | Reached skill level 13 in Unarmed Combat
 19647 | Lair:6   | Reached skill level 10 in Fighting
 19851 | Lair:5   | Reached skill level 10 in Dodging
 20273 | Lair:6   | Noticed a dire elephant
 20355 | Lair:5   | Killed a dire elephant
 20377 | Lair:5   | HP: 3/92 [eight-headed hydra (7)]
 20665 | Lair:6   | Noticed Snorg
 20676 | Lair:6   | Killed Snorg
 20968 | Lair:6   | Reached XP level 15. HP: 82/82 MP: 31/31
 21376 | Lair:6   | Found a runed translucent door.
 21781 | D:11     | Learned a level 4 spell: Summon Lightning Spire
 23028 | D:12     | Found a staircase to the Orcish Mines.
 23482 | Orc:1    | Entered Level 1 of the Orcish Mines
 23482 | Orc:1    | Noticed Nergalle
 23613 | D:12     | Killed Nergalle
 23782 | Orc:1    | Found a roughly hewn altar of Beogh.
 23894 | Orc:2    | Entered Level 2 of the Orcish Mines
 23894 | Orc:2    | Found a staircase to the Elven Halls.
 24011 | Orc:2    | Noticed Sonja
 24259 | Orc:2    | Cast into level 1 of the Abyss (Sonja)
 24365 | Abyss:1  | Gained mutation: You occasionally shout uncontrollably at
                  | your foes. [a neqoxec]
 24860 | Abyss:2  | Noticed a lich
 24960 | Abyss:2  | Noticed a tentacled starspawn
 24983 | Abyss:2  | Killed a tentacled starspawn
 24993 | Orc:2    | Escaped the Abyss
 25005 | Orc:2    | HP: 1/75 [centaur/arrow (6)]
 25091 | Orc:2    | Killed Sonja
 25732 | Orc:2    | Found Amiutret's Antique Weapon Emporium.
 25732 | Orc:2    | Found Firuuwn's Distillery.
 25734 | Orc:2    | Found Zomm's Assorted Antiques.
 25736 | Orc:2    | Found Caaciale's Jewellery Shoppe.
 25828 | Orc:2    | Bought a potion of agility for 48 gold pieces
 25828 | Orc:2    | Bought a potion of mutation for 96 gold pieces
 25828 | Orc:2    | Bought 2 potions of haste for 240 gold pieces
 25828 | Orc:2    | Bought a potion of might for 48 gold pieces
 25828 | Orc:2    | Bought a potion of mutation for 96 gold pieces
 26479 | D:13     | Reached skill level 1 in Air Magic
 26479 | D:13     | Reached XP level 16. HP: 88/88 MP: 23/33
 26783 | D:13     | Noticed Maurice
 26792 | D:13     | Killed Maurice
 27074 | D:13     | Found a gate to the Vaults.
 27766 | D:14     | Identified Roxanne's Tome of Moulding
 27766 | D:14     | Noticed Roxanne
 27806 | D:14     | Killed Roxanne
 27816 | D:14     | Learned a level 6 spell: Statue Form
 27866 | D:14     | Reached skill level 14 in Unarmed Combat
 28008 | D:15     | Entered Level 15 of the Dungeon
 28046 | D:15     | Found a staircase to the Depths.
 28067 | D:15     | Reached skill level 1 in Earth Magic
 28134 | D:15     | Found Xunic's General Store.
 28468 | D:15     | Found a huge runed gate.
 28468 | D:15     | Found a huge runed gate.
 28468 | D:15     | Found a huge runed gate.
 28468 | D:15     | Found a huge runed gate.
 28468 | D:15     | Found a huge runed gate.
 28468 | D:15     | Found a huge runed gate.
 29029 | D:15     | Found a huge runed gate.
 29038 | D:15     | Found a huge runed gate.
 29039 | D:15     | Found a huge runed gate.
 29041 | D:15     | Found a huge runed gate.
 29042 | D:15     | Found a huge runed gate.
 29042 | D:15     | Found a huge runed gate.
 29042 | D:15     | Found a huge runed gate.
 29042 | D:15     | Found a huge runed gate.
 29042 | D:15     | Found a huge runed gate.
 29045 | D:15     | Found a huge runed gate.
 29046 | D:15     | Found a huge runed gate.
 29047 | D:15     | Found a huge runed gate.
 29062 | D:15     | Noticed a tengu reaver
 29273 | Swamp:1  | Entered Level 1 of the Swamp
 30241 | Swamp:2  | Noticed a thorn hunter
 30259 | Swamp:1  | Killed a thorn hunter
 30259 | Swamp:1  | Reached XP level 17. HP: 42/93 MP: 18/35
 30566 | Swamp:2  | Identified the +1 shield of Qudad {rC+ Int-3 Stlth+}
 30566 | Swamp:2  | Noticed Donald
 30765 | Swamp:2  | Killed Donald
 31099 | Swamp:2  | Learned a level 5 spell: Borgnjor's Vile Clutch
 31213 | Swamp:2  | Found a runed translucent door.
 31478 | Swamp:3  | Reached skill level 5 in Earth Magic
 32376 | Snake:1  | Entered Level 1 of the Snake Pit
 32775 | Snake:1  | Found a blossoming altar of Fedhas.
 32783 | Snake:1  | Noticed Nikola
 32796 | Snake:1  | Killed Nikola
 32796 | Snake:1  | Reached skill level 15 in Unarmed Combat
 33395 | Snake:2  | Noticed Vashnia
 33477 | Snake:1  | Killed Vashnia
 33617 | Snake:2  | Reached XP level 18. HP: 98/98 MP: 27/37
 33935 | Snake:3  | Noticed Bai Suzhen
 33962 | Snake:3  | Killed Bai Suzhen
 34159 | Snake:3  | Found a shimmering altar of Xom.
 34391 | Snake:3  | Found Mudom's Food Shoppe.
 34431 | Snake:3  | Found a runed translucent gate.
 34431 | Snake:3  | Found a runed translucent gate.
 34431 | Snake:3  | Found a runed translucent gate.
 34483 | Snake:3  | Reached skill level 16 in Unarmed Combat
 35012 | Swamp:4  | Entered Level 4 of the Swamp
 35218 | Swamp:4  | Identified the +0 large shield "Peigesut" {rElec Slay+2}
 35218 | Swamp:4  | Noticed Louise
 35231 | Swamp:4  | Killed Louise
 35272 | Swamp:4  | Reached skill level 10 in Earth Magic
 35296 | Swamp:4  | Noticed the 27-headed Lernaean hydra
 35303 | Swamp:4  | Killed the 27-headed Lernaean hydra
 35374 | Swamp:4  | Got a decaying rune of Zot
 35396 | Swamp:4  | Reached skill level 5 in Necromancy
 36189 | Snake:4  | Entered Level 4 of the Snake Pit
 36306 | Snake:4  | Reached XP level 19. HP: 102/102 MP: 32/38
 36981 | Snake:4  | Reached skill level 17 in Unarmed Combat
 37148 | Snake:4  | Got a serpentine rune of Zot
 37945 | D:15     | Got a twitching jade ring
 37982 | D:15     | Identified the ring "Lemugy" {Fire Int+3} (You found it on
                  | level 15 of the Dungeon)
 38247 | Vaults:1 | Entered Level 1 of the Vaults
 38892 | Vaults:1 | Noticed Asterion
 38900 | Vaults:1 | Killed Asterion
 38950 | Vaults:1 | You fall through a shaft!
 39308 | Vaults:1 | Reached XP level 20. HP: 110/110 MP: 35/39
 39579 | Vaults:2 | Found Zutef's General Store.
 39651 | Vaults:2 | Reached skill level 10 in Necromancy
 39733 | Vaults:2 | Reached skill level 18 in Unarmed Combat
 39871 | Vaults:2 | Reached skill level 1 in Shields
 40104 | Vaults:2 | Found a staircase to the Crypt.
 41113 | Vaults:3 | Reached skill level 5 in Air Magic
 41481 | Vaults:3 | Noticed Sojobo
 41688 | Vaults:3 | Reached skill level 15 in Spellcasting
 41777 | Vaults:3 | Killed Sojobo
 41825 | Vaults:3 | Reached XP level 21. HP: 115/115 MP: 41/41
 41873 | Vaults:3 | Learned a level 6 spell: Deflect Missiles
 41926 | Vaults:3 | Reached skill level 1 in Charms
 42654 | Vaults:4 | Noticed Boris
 42675 | Vaults:4 | Killed Boris
 43055 | Vaults:4 | Found Fiahej's Distillery.
 43070 | Vaults:4 | Bought a potion of cancellation for 136 gold pieces
 43106 | Vaults:4 | Reached skill level 5 in Charms
 43796 | Vaults:4 | Reached skill level 5 in Armour
 44208 | Elf:1    | Entered Level 1 of the Elven Halls
 44234 | Elf:1    | Found Atoimur's Weapon Shop.
 44485 | Elf:1    | You fall through a shaft!
 45029 | Elf:1    | Reached XP level 22. HP: 121/121 MP: 43/43
 45286 | Elf:1    | Found the +2 hat of the Bear Spirit {Spirit, +Rage rN+
                  | MR++}
 45287 | Elf:1    | Found a runed translucent gate.
 45287 | Elf:1    | Found a runed translucent gate.
 45287 | Elf:1    | Found a runed translucent gate.
 45287 | Elf:1    | Found a runed translucent gate.
 45287 | Elf:1    | Found a runed translucent gate.
 45288 | Elf:1    | Found a runed translucent gate.
 45768 | Elf:2    | Found a runed translucent gate.
 45768 | Elf:2    | Found a runed translucent gate.
 45768 | Elf:2    | Found a runed translucent gate.
 46273 | Elf:3    | Entered Level 3 of the Elven Halls
 47277 | Elf:3    | Reached skill level 15 in Fighting
 47388 | Elf:3    | Gained mutation: You have sharp toenails. [mutagenic glow]
 47424 | Elf:3    | Gained mutation: You tend to lose your temper in combat.
                  | [mutagenic glow]
 47455 | Elf:2    | Gained mutation: You are surrounded by a mild repulsion
                  | field. (EV +2) [mutagenic glow]
 47456 | Elf:2    | Lost mutation: You are weak. (Str -2) [potion of mutation]
 47456 | Elf:2    | Lost mutation: You expend magic power (3 MP) to strengthen
                  | your wands. [potion of mutation]
 47456 | Elf:2    | Lost mutation: You occasionally shout uncontrollably at
                  | your foes. [potion of mutation]
 47456 | Elf:2    | Lost mutation: Your system is resistant to poisons. (rPois)
                  | [potion of mutation]
 47456 | Elf:2    | Gained mutation: You have supernaturally acute eyesight.
                  | (SInv) [potion of mutation]
 47457 | Elf:2    | Lost mutation: You have sharp toenails. [potion of
                  | mutation]
 47457 | Elf:2    | Lost mutation: You tend to lose your temper in combat.
                  | [potion of mutation]
 47457 | Elf:2    | Gained mutation: You are agile. (Dex +2) [potion of
                  | mutation]
 47457 | Elf:2    | Gained mutation: Armour fits poorly on your strangely
                  | shaped body. [potion of mutation]
 47457 | Elf:2    | Gained mutation: You have a somewhat thin skeletal
                  | structure. (Dex +2, Stealth) [potion of mutation]
 47457 | Elf:2    | Gained mutation: You passively map a small area around you.
                  | [potion of mutation]
 47571 | Elf:3    | Identified the ring "Reqedi" {Dex+6 Slay+3}
 47847 | Elf:3    | Noticed Aizul
 47861 | Elf:3    | Killed Aizul
 47872 | Elf:3    | Reached skill level 19 in Unarmed Combat
 47947 | Elf:3    | Identified the cursed +0 rapier "Transmigrator" {flame,
                  | Str+2 Dex+4}
 48259 | Elf:3    | Found the +27 Lear's hauberk
 48331 | Elf:3    | Got a transparent steel ring
 48334 | Elf:3    | Identified the ring of the Turtle {rElec rF+ Dex+5} (You
                  | found it on level 3 of the Elven Halls)
 48341 | Elf:3    | Identified the Catalogue of Torrid Boosts
 48772 | Depths:1 | Entered Level 1 of the Depths
 48965 | Depths:1 | Found a gateway to Hell.
 48976 | Depths:1 | Reached XP level 23. HP: 127/127 MP: 45/45
 49575 | Depths:1 | Learned a level 4 spell: Animate Dead
 50395 | Depths:2 | Identified the +10 hand axe of Tyaletiu {chop, MR+}
 50794 | Depths:2 | Reached skill level 20 in Unarmed Combat
 51503 | Depths:3 | Found Meorunamp's Antique Armour Boutique.
 51503 | Depths:3 | Noticed a juggernaut
 51513 | Depths:2 | Killed a juggernaut
 51602 | Depths:3 | Bought the +0 mask of the Dragon {MR+ Slay+3 SInv} for 768
                  | gold pieces
 51602 | Depths:3 | Found the +0 mask of the Dragon {MR+ Slay+3 SInv}
 51602 | Depths:3 | Bought a crude ring mail for 207 gold pieces
 51734 | Depths:3 | Paralysed by a floating eye for 3 turns
 51738 | Depths:3 | Paralysed by a floating eye for 2 turns
 51776 | Depths:3 | Reached skill level 10 in Charms
 51968 | Depths:3 | Found a runed translucent door.
 51968 | Depths:3 | Noticed an ancient lich
 51968 | Depths:3 | Noticed a juggernaut
 52078 | Depths:3 | Reached XP level 24. HP: 126/133 MP: 39/46
 52399 | Depths:3 | Found a one-way gate leading to the halls of Pandemonium.
 52673 | Depths:4 | Found a gateway to a ziggurat.
 52768 | Depths:4 | Found a one-way gate to the infinite horrors of the Abyss.
 52787 | Depths:4 | Identified the cursed +1 ring mail of Indomitability {rElec
                  | Regen+ Int+4} (You bought it in a shop on level 3 of the
                  | Depths)
 53383 | Depths:4 | Identified the +3 leather armour "Piulied" {rF++} (You
                  | found it on level 4 of the Depths)
 53599 | Depths:4 | Reached skill level 15 in Dodging
 53733 | Depths:4 | Found a runed translucent door.
 53734 | Depths:4 | Noticed Nauled's ghost (veteran GrFE)
 53753 | Depths:4 | Killed Nauled's ghost
 53780 | Depths:5 | Entered Level 5 of the Depths
 53874 | Depths:5 | Noticed a caustic shrike
 53980 | Depths:5 | Got a clouded turquoise ring
 53981 | Depths:5 | Identified the ring "Diny" {rC+ Slay+2 SInv} (You found it
                  | on level 5 of the Depths)
 53995 | Depths:5 | Found Zuitiasicu's Jewellery Emporium.
 53995 | Depths:5 | Found Estim's Gadget Shop.
 53996 | Depths:5 | Found Ymmudgh's Jewellery Emporium.
 54141 | Depths:5 | Noticed a caustic shrike
 54145 | Depths:5 | Noticed a caustic shrike
 54147 | Depths:5 | Noticed a caustic shrike
 54151 | Depths:5 | Killed a caustic shrike
 54151 | Depths:5 | Reached XP level 25. HP: 137/137 MP: 20/46
 54323 | Depths:5 | Found a runed translucent door.
 54657 | Depths:5 | Found a gate to the Realm of Zot.
 54945 | Depths:5 | Noticed Eguij Fesh's ghost (legendary FoFi)
 55560 | Crypt:1  | Entered Level 1 of the Crypt
 56249 | Swamp:2  | Gained mutation: You tend to lose your temper in combat.
                  | [mutagenic glow]
 56352 | Swamp:2  | Lost mutation: You passively map a small area around you.
                  | [potion of mutation]
 56352 | Swamp:2  | Lost mutation: You are surrounded by a mild repulsion
                  | field. (EV +2) [potion of mutation]
 56352 | Swamp:2  | Lost mutation: You are agile. (Dex +2) [potion of mutation]
 56352 | Swamp:2  | Gained mutation: You are dopey. (Int -2) [potion of
                  | mutation]
 56352 | Swamp:2  | Gained mutation: Your muscles are strong. (Str +2) [potion
                  | of mutation]
 56353 | Swamp:2  | Lost mutation: You are dopey. (Int -2) [potion of mutation]
 56353 | Swamp:2  | Lost mutation: You tend to lose your temper in combat.
                  | [potion of mutation]
 56353 | Swamp:2  | Lost mutation: Your muscles are strong. (Str +2) [potion of
                  | mutation]
 56353 | Swamp:2  | Gained mutation: You are clumsy. (Dex -2) [potion of
                  | mutation]
 56353 | Swamp:2  | Gained mutation: You are partially covered in large bone
                  | plates. (SH +4) [potion of mutation]
 56353 | Swamp:2  | Gained mutation: Your flesh is heat resistant. (rF+)
                  | [potion of mutation]
 56353 | Swamp:2  | Gained mutation: You expend magic power (3 MP) to
                  | strengthen your wands. [potion of mutation]
 56361 | Swamp:2  | Identified Poeriedgh's Guide on Execration and Displacement
 56883 | Crypt:1  | Noticed Xtahua
 56896 | Crypt:1  | Killed Xtahua
 56975 | Crypt:1  | Reached skill level 5 in Shields
 57002 | Crypt:1  | Noticed Frederick
 57009 | Crypt:1  | Killed Frederick
 57583 | Crypt:2  | Noticed Boris
 57592 | Crypt:2  | Killed Boris
 57610 | Crypt:2  | Reached XP level 26. HP: 142/142 MP: 46/46
 57651 | Crypt:2  | Noticed Khufu
 57651 | Crypt:2  | Noticed a greater mummy
 57651 | Crypt:2  | Noticed a greater mummy
 58726 | Crypt:2  | Noticed Margery
 58741 | Crypt:2  | Killed Margery
 58865 | Crypt:2  | Killed a greater mummy
 58875 | Crypt:2  | Killed Khufu
 58879 | Crypt:2  | Killed a greater mummy
 59196 | Crypt:3  | Entered Level 3 of the Crypt
 59243 | Crypt:3  | Reached skill level 21 in Unarmed Combat
 59415 | Crypt:3  | Found a staircase to the Tomb.
 59621 | Crypt:3  | Found a basalt altar of Yredelemnul.
 59622 | Crypt:3  | Noticed an ancient lich
 59628 | Crypt:3  | Killed an ancient lich
 59672 | Crypt:3  | Reached skill level 10 in Shields
 59978 | Crypt:3  | Identified Sif Muna's Almanac of Ensnaring Protection
 60459 | Depths:3 | Bought the +3 salamander hide armour {+Rage rF++} for 1035
                  | gold pieces
 60459 | Depths:3 | Found the +3 salamander hide armour {+Rage rF++}
 61109 | Vaults:2 | Bought a scroll of teleportation for 66 gold pieces
 61109 | Vaults:2 | Bought a scroll of immolation for 77 gold pieces
 61237 | Vaults:5 | Entered Level 5 of the Vaults
 61275 | Vaults:5 | Identified the +7 dagger "Zaonet" {freeze, rC+ rN+ Int-2
                  | SInv}
 61285 | Vaults:5 | Reached skill level 22 in Unarmed Combat
 61285 | Vaults:5 | Reached XP level 27. HP: 120/147 MP: 37/46
 61425 | Vaults:5 | Noticed an ancient lich
 61432 | Vaults:5 | Identified the ring "Methri" {rN+ MP+9 Str+4 Stlth+}
 61456 | Vaults:5 | Killed an ancient lich
 61686 | Vaults:5 | Identified the cursed -1 shield of Kubis {rPois MR+ Dex-4}
                  | (You found it on level 5 of the Vaults)
 61785 | Vaults:5 | Got a silver rune of Zot
 61791 | Vaults:5 | Identified the +6 shortbow of Eternal Vigilance {flame,
                  | +Inv MR+}
 62845 | Slime:1  | Entered Level 1 of the Pits of Slime
 62963 | Slime:2  | Learned a level 1 spell: Pain
 62970 | Slime:2  | Learned a level 1 spell: Apportation
 62975 | Slime:3  | Gained mutation: Your spells are a little easier to cast,
                  | but a little less powerful. [a shining eye]
 62993 | Slime:3  | Reached skill level 23 in Unarmed Combat
 62998 | Slime:3  | Lost mutation: You have supernaturally acute eyesight.
                  | (SInv) [a shining eye]
 63081 | Slime:4  | Gained mutation: You occasionally shout uncontrollably at
                  | your foes. [a shining eye]
 63135 | Slime:5  | Entered Level 5 of the Pits of Slime
 63255 | Slime:5  | Noticed the Royal Jelly
 63326 | Slime:5  | Killed the Royal Jelly
 63400 | Slime:5  | Identified the +3 leather armour of the Commoners {rPois
                  | rC+ Int+4} (You found it on level 5 of the Pits of Slime)
 63443 | Slime:5  | Got a slimy rune of Zot
 63469 | Slime:5  | Identified the Incunabulum of Confrontation
 63494 | Slime:5  | Got a sparkling brass ring
 63495 | Slime:5  | Identified the ring "Puzon" {+Fly rC- MR+ Int+3} (You found
                  | it on level 5 of the Pits of Slime)
 64086 | Hell     | Entered the Vestibule of Hell
 64086 | Hell     | Noticed Geryon
 64276 | Hell     | Reached skill level 15 in Shields
 64303 | Hell     | Killed Geryon
 64329 | Hell     | Reached skill level 24 in Unarmed Combat
 64458 | Hell     | Learned a level 3 spell: Regeneration
 64504 | Hell     | Found a gateway to the Iron City of Dis.
 64588 | Hell     | Found a gateway to the freezing wastes of Cocytus.
 64606 | Hell     | Found a gateway to the decaying netherworld of Tartarus.
 64669 | Hell     | Found a gateway to the ashen valley of Gehenna.
 64927 | Zot:1    | Entered Level 1 of the Realm of Zot
 65183 | Zot:1    | Found a transporter.
 65740 | Zot:1    | Found a runed translucent door.
 65740 | Zot:1    | Found a shimmering altar of Xom.
 65740 | Zot:1    | Noticed Lolawn's ghost (legendary DEFE)
 65962 | Zot:1    | Upgraded the game from 0.24-a0-189-g5d897e9104 to
                  | 0.24-a0-190-g063869c372
 66054 | Zot:2    | You fall through a shaft!
 66443 | Zot:2    | Identified the +3 leather armour of the Swamp {rF++ rC+
                  | Str-5} (You found it on level 2 of the Realm of Zot)
 66597 | Zot:2    | Learned a level 3 spell: Lesser Beckoning
 66713 | Zot:2    | Reached skill level 1 in Translocations
 66943 | Zot:3    | Noticed an ancient lich
 66944 | Zot:3    | Found a runed translucent gate.
 66944 | Zot:3    | Noticed an ancient lich
 66944 | Zot:3    | Noticed Xeuhiozo's ghost (master MiFi)
 66945 | Zot:3    | Found a runed translucent gate.
 66945 | Zot:3    | Found an ancient bone altar of Kikubaaqudgha.
 66945 | Zot:3    | Noticed Ilyomud's ghost (adept DDFi)
 66946 | Zot:3    | Noticed Kipell's ghost (legendary SpEn)
 66956 | Zot:3    | Found a runed translucent gate.
 66981 | Zot:3    | Killed an ancient lich
 66993 | Zot:3    | Killed an ancient lich
 67000 | Zot:3    | Killed Xeuhiozo's ghost
 67010 | Zot:3    | Killed Ilyomud's ghost
 67026 | Zot:3    | Killed Kipell's ghost
 67033 | Zot:3    | Got a sparkling ivory ring
 67042 | Zot:3    | Identified the ring "Wuats" {*Tele rElec} (You found it on
                  | level 3 of the Realm of Zot)
 67044 | Zot:3    | Identified the cursed +0 cloak of Valour {Int+4 SInv} (You
                  | found it on level 3 of the Realm of Zot)
 67144 | Zot:3    | Learned a level 6 spell: Death Channel
 67939 | Zot:3    | Got a pair of translucent boots
 67945 | Zot:3    | Identified the -6 pair of boots "Yrussi" {Int+4} (You found
                  | it on level 3 of the Realm of Zot)
 68138 | Zot:4    | Reached skill level 15 in Necromancy
 69274 | Snake:3  | Bought a ration for 60 gold pieces
 69274 | Snake:3  | Bought a ration for 60 gold pieces
 69274 | Snake:3  | Bought a ration for 60 gold pieces
 69274 | Snake:3  | Bought a ration for 60 gold pieces
 69274 | Snake:3  | Bought a ration for 60 gold pieces
 69274 | Snake:3  | Bought a ration for 60 gold pieces
 69274 | Snake:3  | Bought a ration for 60 gold pieces
 69274 | Snake:3  | Bought a ration for 60 gold pieces
 69949 | Geh:1    | Entered Level 1 of Gehenna
 70329 | Geh:2    | Gained mutation: You are frail. (-10% HP) [mutagenic glow]
 70368 | Geh:2    | Gained mutation: You are very clumsy. (Dex -4) [mutagenic
                  | glow]
 70845 | Geh:7    | Entered Level 7 of Gehenna
 71036 | Geh:7    | Gained mutation: You are very frail. (-20% HP) [mutagenic
                  | glow]
 71346 | Geh:7    | Reached skill level 25 in Unarmed Combat
 71471 | Geh:7    | Identified the +7 sceptre of Asmodeus
 71471 | Geh:7    | Noticed Asmodeus
 71489 | Geh:7    | Killed Asmodeus
 71512 | Geh:7    | Got an obsidian rune of Zot
 71741 | Tar:1    | Entered Level 1 of Tartarus
 71850 | Tar:2    | Gained mutation: Your body sometimes deteriorates upon
                  | taking damage. [mutagenic glow]
 71950 | Tar:2    | Gained mutation: Your spells are easier to cast, but less
                  | powerful. [mutagenic glow]
 72102 | Tar:2    | Reached skill level 26 in Unarmed Combat
 72148 | Tar:3    | You fall through a shaft!
 72275 | Tar:5    | Reached skill level 5 in Translocations
 72675 | Tar:6    | Gained mutation: You are weak. (Str -2) [mutagenic glow]
 72695 | Tar:7    | Entered Level 7 of Tartarus
 73043 | Tar:7    | Identified Qifump's Incunabulum of Destructive Hexes
 73125 | Tar:7    | Found the +7 Singing Sword {slice, sonic wave}
 73135 | Tar:7    | Got a transparent golden ring
 73136 | Tar:7    | Identified the ring "Quick" {rN+ Int+3} (You found it on
                  | level 7 of Tartarus)
 73273 | Tar:7    | Identified the ring "Qehuih" {Wiz +Inv} (You found it on
                  | level 7 of Tartarus)
 73278 | Tar:7    | Noticed the Serpent of Hell
 73427 | Tar:7    | Noticed Ereshkigal
 73453 | Tar:7    | Killed Ereshkigal
 73564 | Tar:7    | Killed the Serpent of Hell
 73612 | Tar:7    | Identified the Handbook of Good Luck and the Rocks
 74138 | Dis:1    | Entered Level 1 of the Iron City of Dis
 74204 | Hell     | Learned a level 6 spell: Simulacrum
 74299 | Dis:1    | Reached skill level 27 in Unarmed Combat
 75779 | Dis:7    | Entered Level 7 of the Iron City of Dis
 76144 | Dis:7    | Identified Lom Lobon's Reference Book on Orientation
 76180 | Dis:7    | Learned a level 8 spell: Infestation
 76483 | Dis:7    | Identified the +4 staff of Dispater
 76483 | Dis:7    | Noticed Dispater
 76498 | Dis:7    | Killed Dispater
 76555 | Dis:7    | Got an iron rune of Zot
 76560 | Dis:7    | Identified the Compendium of Enchanting Shape Shifting
 77004 | Dis:7    | Found the +3 crown of Dyrovepreva {rElec Int+2 SInv}
 77326 | Hell     | Upgraded the game from 0.24-a0-190-g063869c372 to
                  | 0.24-a0-201-gf2055891f0
 77455 | Depths:4 | Voluntarily entered the Abyss.
 77484 | Abyss:1  | Paralysed by accursed screaming for 1 turns
 78787 | Abyss:3  | Gained mutation: Scrolls take you a little longer to read.
                  | [a cacodemon]
 78948 | Abyss:3  | Noticed an ancient lich
 78950 | Abyss:3  | Killed an ancient lich
 79015 | Abyss:3  | Got an abyssal rune of Zot
 79109 | Abyss:3  | Lost mutation: Scrolls take you a little longer to read.
                  | [potion of mutation]
 79109 | Abyss:3  | Lost mutation: You are very frail. (-20% HP) [potion of
                  | mutation]
 79109 | Abyss:3  | Gained mutation: You are resistant to hostile enchantments.
                  | (MR+) [potion of mutation]
 79110 | Abyss:3  | Lost mutation: Armour fits poorly on your strangely shaped
                  | body. [potion of mutation]
 79110 | Abyss:3  | Lost mutation: You occasionally shout uncontrollably at
                  | your foes. [potion of mutation]
 79110 | Abyss:3  | Lost mutation: You are weak. (Str -2) [potion of mutation]
 79110 | Abyss:3  | Lost mutation: Your flesh is heat resistant. (rF+) [potion
                  | of mutation]
 79110 | Abyss:3  | Gained mutation: You have large cloven feet. [potion of
                  | mutation]
 79125 | Depths:4 | Escaped the Abyss
 79269 | Coc:1    | Entered Level 1 of Cocytus
 79560 | Coc:7    | Entered Level 7 of Cocytus
 80186 | Coc:7    | Noticed Antaeus
 80203 | Coc:7    | Killed Antaeus
 80266 | Coc:7    | Identified the Compendium of the Dusty Escort
 80277 | Coc:7    | Got a vibrating platinum ring
 80278 | Coc:7    | Identified the ring of Ycrememm {AC+4 Str-4 Int+8 Dex+6
                  | Stlth-} (You found it on level 7 of Cocytus)
 80285 | Coc:7    | Got an icy rune of Zot
 80480 | Hell     | Learned a level 8 spell: Necromutation
 80600 | Pan      | Entered Pandemonium
 80959 | Pan      | Gained mutation: Your body often deteriorates upon taking
                  | damage. [a cacodemon]
 80961 | Pan      | Lost mutation: You have a somewhat thin skeletal structure.
                  | (Dex +2, Stealth) [potion of mutation]
 80961 | Pan      | Lost mutation: You are frail. (-10% HP) [potion of
                  | mutation]
 80961 | Pan      | Lost mutation: You are very clumsy. (Dex -4) [potion of
                  | mutation]
 80961 | Pan      | Lost mutation: Your body often deteriorates upon taking
                  | damage. [potion of mutation]
 80961 | Pan      | Lost mutation: You are clumsy. (Dex -2) [potion of
                  | mutation]
 80961 | Pan      | Gained mutation: You can translocate small distances at
                  | will. [potion of mutation]
 80961 | Pan      | Gained mutation: You evolve. [potion of mutation]
 81131 | Pan      | Noticed Owoagues the pandemonium lord
 81153 | Pan      | Killed Owoagues the pandemonium lord
 81593 | Pan      | Entered the realm of Cerebov.
 82367 | Pan      | Identified the +6 sword of Cerebov {flame}
 82367 | Pan      | Noticed Cerebov
 82400 | Pan      | HP: 4/215 [balrug/divine providence (13)]
 82402 | Pan      | Killed from afar by Cerebov

Levels and vault maps discovered:
D:1:      denvon_arrival_waterhouse, layout_basic, serial_curves,
          eino_curves_02, eino_curves_03, chequers_decorated_corner
D:2:      layout_loops_ring
D:3:      layout_basic, old_standard_altar
D:4:      layout_layer_cave, old_standard_altar, lemuel_coloured_pillars_altar,
          minmay_misc_feat_square, dk_noncrumbling_3
D:5:      corexii_shantytown, layout_basic, marbit_many_paths,
          minmay_temple_entry_waves, nicolae_ossuary_entry_plus, first_ration
D:6:      layout_cave_pods, kennysheep_mini_moat,
          gammafunk_temple_overflow_arena
D:7:      layout_loops_ring, serial_shops, kennysheep_mini,
          gammafunk_ghost_wrathful_warriors, basic_altar
D:8:      layout_cave_pods, lemuel_round_altar,
          nemelex_xobeh_ov_fountains_minmay
D:9:      layout_irregular_city, lemuel_doored_altar, lemuel_crystal_altar
D:10:     layout_loops_ring, dpeg_lair_monsters, hangedman_stone_soup
D:11:     layout_long_grid
D:12:     layout_long_grid, david_orc_4
D:13:     layout_irregular_city, ximxim_vaults_locker_room, uniq_maurice
D:14:     layout_long_grid, minmay_fountain_box, minmay_misc_feat_diagonals,
          kennysheep_generic_room_15, uniq_roxanne
D:15:     grunt_enter_depths_giant_problem, layout_stronghold, serial_shops,
          nicolae_shop_behind_doors, minmay_misc_feat_doors, door_vault
Temple:   minmay_temple_bridge_abc
Lair:1:   layout_regular_city, basic_altar, ebering_ghost_xom
Lair:2:   layout_roguey, palyth_hydra_swamp_entry
Lair:3:   wad_woods_minihive, layout_regular_city
Lair:4:   gammafunk_lair_enchanted_lake, layout_cave_pods,
          minmay_snake_entry_guardpost_large, minivault_27, st_stairs_9,
          zaba_anthell, serial_bayou_shore_a
Lair:5:   layout_regular_city, minmay_slime_entry_pillars
Lair:6:   wormcave, layout_long_grid, hangedman_lair_caniforms_friends,
          serial_bayou_crossing, uniq_snorg
Swamp:1:  layout_basic_swamp, evilmike_swamp_ruin_house_1, swamp_pool1,
          cheibrodos_swamp_minitomb
Swamp:2:  gammafunk_mikee_crab_dinner, layout_basic_swamp,
          hangedman_swamp_blocks, swamp_pool3, cheibrodos_swamp_slimy,
          uniq_donald
Swamp:3:  layout_falls_marsh, evilmike_swamp_ruin_house_4, swamp_pool1,
          statue_in_the_mist_lemuel
Swamp:4:  swamp_alternative, layout_basic_swamp, infiniplex_staircase_pool,
          uniq_louise
Snake:1:  layout_misc_corridors, basic_altar, uniq_nikola
Snake:2:  layout_rooms, serial_bayou, serial_bayou_lake_a, serial_bayou_pond_b,
          serial_bayou_lagoon_b, serial_bayou_pond_c, uniq_vashnia
Snake:3:  layout_misc_corridors, serial_shops, nicolae_shop_waterfront,
          basic_altar, nicolae_snake_horde_hoard, grunt_megastairs_1,
          uniq_bai_suzhen
Snake:4:  johnstein_snake_rune_scales, layout_cave_town, serial_bayou_shore_b
Slime:1:  layout_caves
Slime:2:  layout_caves
Slime:3:  layout_caves, nicolae_slime_welcoming_committee
Slime:4:  layout_caves
Slime:5
Orc:1:    layout_caves, basic_altar, uniq_nergalle, uniq_jorgrun
Orc:2:    st_orc_rangers, layout_caves, uniq_sonja
Elf:1:    eino_elf_arrival_sip, layout_onion_city, serial_shops, shop,
          orc_legates
Elf:2:    layout_loops_cross, library_closet
Elf:3:    minmay_elf_hall_hex, layout_loops_corners, minmay_misc_feat_five,
          eino_tiny_chamber, uniq_aizul
Vaults:1: ontoclasm_vaults_ligature, nicolae_vaults_little_squares_4, v_misc_13,
          vaults_room_stairs_pillars, hangedman_vaults_maws,
          vaults_dpeg_diagonal, ontoclasm_vaults_twist,
          ontoclasm_vaults_misaligned, layout_vaults_omnicross, uniq_asterion
Vaults:2: vaults_room_hallway, vaults_room_glass_cross, vaults_room_octagon,
          v_misc_22, vaults_room_semicircle, vaults_room_semicircle,
          vaults_room_stairs_pillars, nicolae_vaults_little_squares_2,
          nicolae_vaults_disjoint_gnomons, layout_vaults_omnigrid,
          minmay_crypt_entry_simple_walls, serial_shops, shop
Vaults:3: sword_in_stone, vaults_dpeg_hooks, nicolae_vaults_big_ls,
          vaults_room_grid, hangedman_vaults_maws, dpeg_vaults_monster_row,
          grunt_vaults_diagonal, ontoclasm_vaults_tryst, ontoclasm_vaults_eye,
          hangedman_vaults_stagger, nicolae_vaults_ninety_degrees,
          nicolae_vaults_angled_halls, v_alt_pattern_1, layout_vaults_omnibox
Vaults:4: vaults_room_fancy_cross, v_alt_pattern_1,
          nicolae_vaults_network_barrier, vaults_room_pools,
          ontoclasm_vaults_chip, v_misc_9, nicolae_vaults_network_quincunx
          [nicolae_vaults_network_quincunx_subvault,
          nicolae_vaults_network_quincunx_subvault,
          nicolae_vaults_network_quincunx_subvault,
          nicolae_vaults_network_quincunx_subvault,
          nicolae_vaults_network_quincunx_subvault],
          ontoclasm_vaults_ring_small, v_misc_33, v_misc_26,
          vaults_dpeg_encased_lava, layout_vaults_maze_snakey, serial_shops,
          nicolae_shop_stone, uniq_sojobo, uniq_boris
Vaults:5: serial_shops
Crypt:1:  layout_misc_corridors, uniq_frederick, uniq_xtahua
Crypt:2:  layout_gridlike, st_stairs_8, uniq_margery, uniq_khufu
Crypt:3:  cryptofortress_bobbens
Depths:1: layout_honeycomb, hell_entry, chequers_big_river, roderic_lattice_a,
          kennysheep_generic_room_14
Depths:2: grunt_bruiser_brothers, layout_cave_pools, serial_sigils,
          serial_sigils_hangedman_snap, serial_sigils_hangedman_shear,
          serial_sigils_hangedman_gut, serial_sigils_hangedman_gnaw,
          serial_sigils_hangedman_scratch, serial_sigils_hangedman_snap,
          lightli_too_deep
Depths:3: minmay_the_grid_octo_tiled_octocenter [minmay_the_grid_octo_empty,
          minmay_the_grid_octo_clover, minmay_the_grid_octo_fat_diamond,
          minmay_the_grid_octo_thin_diamonds, minmay_the_grid_octo_prize_star,
          minmay_the_grid_square_5x5_n_small,
          minmay_the_grid_square_5x5_checkered_statues,
          minmay_the_grid_square_5x5_tetrominoes,
          minmay_the_grid_square_5x5_half_checkered], layout_basic,
          serial_shops, nicolae_shop_overgrown_old_shop, hangedman_coc_ice_floe,
          rand_demon_pan_entry_4, kennysheep_path_1, kennysheep_treasure_room,
          infiniplex_staircase_pool_2, serial_bayou_shore_b
Depths:4: grunt_deathspiral_large, layout_cross, enter_ziggurat_b, hell_entry,
          grunt_decor_arrowhead, abyss_entry_small_statue_room,
          ebering_ghost_inner_flame
Depths:5: grunt_zot_entry_hairpin, layout_gridlike, hell_entry,
          grunt_pan_entry_spiral, gammafunk_ghost_grave,
          ebering_dispersal_statue_hall, hangedman_abyss_or_decor_passed,
          minmay_shop_grove
Hell
Dis:1:    layout_regular_city, nicolae_dis_iron_filings, nrook_loot_triangle,
          grunt_megastairs_4
Dis:2:    layout_chaotic_city, nicolae_dis_strange_trophy_room,
          nicolae_dis_lava_storage_tank, evilmike_ambush
          [evilmike_ambush_outer_basic, evilmike_ambush_inner_cross]
Dis:3:    layout_gridville
Dis:4:    lemuel_mystery_crypt, layout_chaotic_city
Dis:5:    layout_regular_city, evilmike_ambush [evilmike_ambush_outer_basic,
          evilmike_ambush_inner_basic]
Dis:6:    layout_chaotic_city, hangedman_dis_decor_tower
Dis:7:    dis_hangedman
Geh:1:    layout_gehenna_lava_caves
Geh:2:    layout_gehenna_lava_caves, nicolae_geh_amphitheater
Geh:3:    layout_gehenna_pools_triple
Geh:4:    layout_gehenna_pools_triple, lemuel_flamethrower_3
Geh:5:    layout_gehenna_lava_caves
Geh:6:    layout_gehenna_pools_box, nicolae_geh_lava_in_the_way
Geh:7:    geh_grunt
Coc:1:    layout_cocytus_water_paths
Coc:2:    layout_ice_bergs
Coc:3:    layout_cocytus_water_paths
Coc:4:    layout_ice_bergs
Coc:5:    layout_ice_bergs
Coc:6:    layout_ice_bergs
Coc:7:    coc_grunt_cove [coc_grunt_cove_antaeus, coc_grunt_cove_fiend,
          coc_grunt_cove_fiend, coc_grunt_cove_fiend, coc_grunt_cove_fiend]
Tar:1:    layout_honeycomb
Tar:2:    layout_catacombs
Tar:3:    layout_honeycomb
Tar:4:    layout_grid_maze
Tar:5:    layout_cathedral_of_symmetry, nicolae_tar_cuneiform_heaven,
          nicolae_tar_cuneiform_three, nicolae_tar_cuneiform_to_be,
          evilmike_ambush [evilmike_ambush_outer_pillars,
          evilmike_ambush_inner_wall_1]
Tar:6:    layout_catacombs
Tar:7:    tar_grunt_cathedral
Zot:1:    layout_gridlike, ebering_ghost_xom, st_small_dragon_hoard_3,
          chequers_guarded_unrand_mask_of_the_dragon
Zot:2:    layout_gridlike, st_stairs_11
Zot:3:    layout_basic, gammafunk_ghost_crypt, st_small_dragon_hoard_2,
          zot_minivault_8
Zot:4:    layout_misc_corridors, grunt_megastairs_2
Abyss:1
Abyss:2
Abyss:3:  minivault_23
Pan:      cerebov, layout_irregular_city
Ossuary:  minmay_ossuary_two_tombs

Skill      XL: |  1  2  3  4  5  6  7  8  9 10 11 12 13 14 15 16 17 18 19 20 21 22 23 24 25 26 27 |
---------------+----------------------------------------------------------------------------------+-----
Fighting       | 1 2 5 6 7 9 11 12 13 14 15 16 24 | 24.3
Dodging        | 2 5 6 7 9 10 11 12 16 18 23 | 23.7
Unarmed Combat | 4 8 9 11 12 13 14 15 16 17 18 19 20 22 27 | 27.0
Armour         | 1 4 5 6 |  6.0
Poison Magic   | 1 |  1.0
Spellcasting   | 3 5 6 8 10 11 12 13 14 15 16 17 18 19 | 19.0
Transmutations | 3 4 6 8 10 12 | 12.0
Necromancy     | 1 2 4 6 9 10 21 | 21.0
Invocations    | 2 |  2.0
Air Magic      | 1 3 6 8 |  8.0
Earth Magic    | 4 7 10 12 | 12.7
Shields        | 4 6 11 15 | 15.0
Charms         | 6 10 | 10.0
Translocations | 6 |  6.0

Action                   |  1- 3 |  4- 6 |  7- 9 | 10-12 | 13-15 | 16-18 | 19-21 | 22-24 | 25-27 || total
-------------------------+-------+-------+-------+-------+-------+-------+-------+-------+-------++-------
Melee: Unarmed           |   105 |   152 |   498 |   584 |  1150 |   972 |   828 |   712 |  4416 ||  9417
       Bite              |    20 |    30 |    57 |   130 |   297 |   307 |   288 |   313 |  1789 ||  3231
       Kick              |     8 |    22 |    12 |       |       |       |       |       |   210 ||   252
       Headbutt          |     3 |       |       |    10 |       |       |       |       |       ||    13
       Punch             |     1 |     5 |     7 |    25 |    55 |    84 |    66 |       |    27 ||   270
 Cast: Beastly Appendage |    16 |    22 |     6 |     1 |       |       |       |       |       ||    45
       Sticks to Snakes  |       |     8 |     7 |    15 |   145 |   139 |    76 |    26 |    87 ||   503
       Spider Form       |       |     2 |    39 |    15 |     2 |       |       |       |       ||    58
       Animate Skeleton  |       |       |    11 |    41 |   131 |   108 |   145 |    70 |    41 ||   547
       Blade Hands       |       |       |       |    58 |   124 |    81 |     5 |       |    14 ||   282
       Ice Form          |       |       |       |       |     5 |     2 |       |       |       ||     7
       Statue Form       |       |       |       |       |       |    26 |    65 |    66 |   272 ||   429
       Borgnjor's Vile C |       |       |       |       |       |     7 |    77 |   124 |   231 ||   439
       Summon Lightning  |       |       |       |       |       |       |    11 |    42 |    16 ||    69
       Deflect Missiles  |       |       |       |       |       |       |     3 |     7 |    11 ||    21
       Animate Dead      |       |       |       |       |       |       |       |    21 |    71 ||    92
       Infestation       |       |       |       |       |       |       |       |       |    49 ||    49
       Simulacrum        |       |       |       |       |       |       |       |       |    34 ||    34
       Death Channel     |       |       |       |       |       |       |       |       |    20 ||    20
       Regeneration      |       |       |       |       |       |       |       |       |    20 ||    20
       Lesser Beckoning  |       |       |       |       |       |       |       |       |    16 ||    16
       Necromutation     |       |       |       |       |       |       |       |       |    15 ||    15
Invok: Lesser Servant of |       |       |       |     5 |     5 |       |       |       |     6 ||    16
 Abil: End Transformatio |       |       |       |     1 |     6 |     9 |     1 |     1 |     5 ||    23
Evoke: Wand              |       |       |     2 |     5 |     9 |     4 |     1 |       |     3 ||    24
       Phantom mirror    |       |       |       |       |       |       |       |       |     1 ||     1
  Use: Scroll            |       |     8 |    10 |     8 |    16 |     3 |     4 |     9 |    39 ||    97
       Potion            |       |     1 |       |     9 |     5 |     4 |     1 |     2 |    27 ||    49
 Stab: Sleeping          |       |       |     2 |       |       |       |     1 |       |    10 ||    13
       Distracted        |       |       |     1 |     3 |    14 |    14 |    13 |    13 |    57 ||   115
       Paralysed         |       |       |       |     4 |       |     3 |       |       |     1 ||     8
       Confused          |       |       |       |       |       |       |       |       |     1 ||     1
       Petrified         |       |       |       |       |       |       |       |       |     1 ||     1
  Eat: Chunk             |     3 |     8 |    17 |    30 |    40 |    28 |    42 |    28 |    32 ||   228
       Ration            |       |       |     1 |     3 |     7 |     8 |     5 |     7 |    53 ||    84
Armor: Leather armour    |    21 |    19 |    23 |     6 |     5 |       |       |       |    64 ||   138
       Robe              |     1 |       |       |       |       |       |       |       |       ||     1
       Ring mail         |       |     5 |       |   112 |   383 |   201 |    42 |    17 |     7 ||   767
       Skin              |       |       |    10 |     3 |    14 |   254 |   367 |   237 |   992 ||  1877
Dodge: Dodged            |    86 |    83 |   347 |   532 |  1171 |  1006 |   838 |   755 |  4904 ||  9722
       Deflected         |       |       |       |       |       |       |    24 |    30 |    25 ||    79
Block: Buckler           |       |       |       |       |       |       |    17 |   230 |  2846 ||  3093
       Other             |       |       |       |       |       |       |       |       |    18 ||    18

Table legend:
 A = Non-vault XP
 B = Vault XP
 C = Vault XP percentage of total XP
 D = Non-vault monster count
 E = Vault monster count
 F = Vault count percentage of total count
                 A         B        C        D         E       F
            +---------+---------+-------+---------+---------+-------
      Total | 1650278 | 1302250 |  44.1 |    2944 |    1514 |  34.0
            +---------+---------+-------+---------+---------+-------
        D:1 |      57 |       0 |   0.0 |      27 |       0 |   0.0
        D:2 |     116 |       0 |   0.0 |      26 |       0 |   0.0
        D:3 |     211 |       0 |   0.0 |      36 |       0 |   0.0
        D:4 |     836 |       0 |   0.0 |      24 |       0 |   0.0
        D:5 |     627 |     238 |  27.5 |      23 |      36 |  61.0
        D:6 |     792 |     321 |  28.8 |      19 |       5 |  20.8
        D:7 |    1224 |       0 |   0.0 |      22 |       0 |   0.0
        D:8 |     918 |       0 |   0.0 |      17 |       0 |   0.0
        D:9 |    3607 |     886 |  19.7 |      27 |       2 |   6.9
       D:10 |     780 |    2751 |  77.9 |      18 |      11 |  37.9
       D:11 |    4205 |     124 |   2.9 |      43 |       1 |   2.3
       D:12 |    4140 |    1015 |  19.7 |      27 |      16 |  37.2
       D:13 |    4897 |    3919 |  44.5 |      38 |      12 |  24.0
       D:14 |   10064 |    4670 |  31.7 |      28 |       4 |  12.5
       D:15 |   17319 |   16497 |  48.8 |      44 |      14 |  24.1
     Temple |     119 |       0 |   0.0 |       2 |       0 |   0.0
     Lair:1 |    3791 |     310 |   7.6 |      18 |       1 |   5.3
     Lair:2 |    4115 |    1875 |  31.3 |      16 |       7 |  30.4
     Lair:3 |    4392 |    3067 |  41.1 |      18 |      47 |  72.3
     Lair:4 |    6932 |   13268 |  65.7 |      19 |      62 |  76.5
     Lair:5 |   14653 |    2766 |  15.9 |      29 |       8 |  21.6
     Lair:6 |    9571 |   14146 |  59.6 |      32 |      66 |  67.3
    Swamp:1 |   15408 |    1103 |   6.7 |      41 |       7 |  14.6
    Swamp:2 |   10979 |   10214 |  48.2 |      30 |      14 |  31.8
    Swamp:3 |   17093 |       0 |   0.0 |      39 |       0 |   0.0
    Swamp:4 |   10450 |   22099 |  67.9 |      25 |      28 |  52.8
    Snake:1 |   11349 |    9742 |  46.2 |      28 |       4 |  12.5
    Snake:2 |   14873 |    2127 |  12.5 |      36 |       4 |  10.0
    Snake:3 |    5756 |   24223 |  80.8 |      14 |      47 |  77.0
    Snake:4 |   14774 |   28146 |  65.6 |      33 |      56 |  62.9
    Slime:1 |   10326 |       0 |   0.0 |       5 |       0 |   0.0
    Slime:2 |    7945 |       0 |   0.0 |      14 |       0 |   0.0
    Slime:3 |   25064 |       0 |   0.0 |      34 |       0 |   0.0
    Slime:4 |    5256 |       0 |   0.0 |      16 |       0 |   0.0
    Slime:5 |   13891 |   30738 |  68.9 |      25 |      12 |  32.4
      Orc:1 |    3198 |     550 |  14.7 |      24 |       6 |  20.0
      Orc:2 |     864 |    5204 |  85.8 |      18 |      31 |  63.3
      Elf:1 |   18176 |   20587 |  53.1 |      36 |      31 |  46.3
      Elf:2 |   14252 |   23469 |  62.2 |      20 |      28 |  58.3
      Elf:3 |    4438 |   56760 |  92.7 |       9 |      43 |  82.7
   Vaults:1 |   22247 |    3633 |  14.0 |      45 |       2 |   4.3
   Vaults:2 |   32507 |   16076 |  33.1 |      68 |      13 |  16.0
   Vaults:3 |   19179 |   49090 |  71.9 |      39 |      44 |  53.0
   Vaults:4 |   35385 |   31293 |  46.9 |      59 |      26 |  30.6
   Vaults:5 |   17281 |   94831 |  84.6 |      32 |      75 |  70.1
    Crypt:1 |   39113 |    6100 |  13.5 |      51 |       2 |   3.8
    Crypt:2 |   21197 |   30960 |  59.4 |      27 |      11 |  28.9
    Crypt:3 |       0 |   67457 | 100.0 |       0 |      89 | 100.0
   Depths:1 |   39414 |    1439 |   3.5 |      59 |       1 |   1.7
   Depths:2 |   29171 |   18340 |  38.6 |      36 |      16 |  30.8
   Depths:3 |   35870 |   34311 |  48.9 |      49 |      39 |  44.3
   Depths:4 |   40121 |   47183 |  54.0 |      53 |      43 |  44.8
   Depths:5 |   70969 |   30536 |  30.1 |      57 |      30 |  34.5
       Hell |   29642 |   25792 |  46.5 |      40 |      55 |  57.9
      Dis:1 |   41316 |    1896 |   4.4 |      97 |       3 |   3.0
      Dis:2 |   10450 |    8607 |  45.2 |      20 |      19 |  48.7
      Dis:3 |    1980 |       0 |   0.0 |       4 |       0 |   0.0
      Dis:4 |   14415 |       0 |   0.0 |      19 |       0 |   0.0
      Dis:5 |    1814 |    8238 |  82.0 |       8 |      16 |  66.7
      Dis:6 |   12412 |       0 |   0.0 |      19 |       0 |   0.0
      Dis:7 |   28177 |  129344 |  82.1 |      52 |     119 |  69.6
      Geh:1 |   36474 |       0 |   0.0 |      73 |       0 |   0.0
      Geh:2 |    6763 |       0 |   0.0 |      16 |       0 |   0.0
      Geh:3 |   14928 |       0 |   0.0 |      33 |       0 |   0.0
      Geh:4 |   16938 |       0 |   0.0 |      33 |       0 |   0.0
      Geh:5 |    2183 |       0 |   0.0 |       6 |       0 |   0.0
      Geh:6 |   12177 |       0 |   0.0 |      19 |       0 |   0.0
      Geh:7 |   44255 |   55763 |  55.8 |      65 |      41 |  38.7
      Coc:1 |    5572 |       0 |   0.0 |       9 |       0 |   0.0
      Coc:2 |    2100 |       0 |   0.0 |       6 |       0 |   0.0
      Coc:3 |    5666 |       0 |   0.0 |      20 |       0 |   0.0
      Coc:5 |     574 |       0 |   0.0 |       3 |       0 |   0.0
      Coc:6 |    6946 |       0 |   0.0 |      16 |       0 |   0.0
      Coc:7 |   64417 |   62900 |  49.4 |     110 |      64 |  36.8
      Tar:1 |    2623 |       0 |   0.0 |       3 |       0 |   0.0
      Tar:2 |   22009 |       0 |   0.0 |      43 |       0 |   0.0
      Tar:3 |    7511 |       0 |   0.0 |       7 |       0 |   0.0
      Tar:4 |    7035 |       0 |   0.0 |       6 |       0 |   0.0
      Tar:5 |   54519 |   12743 |  18.9 |      50 |      21 |  29.6
      Tar:6 |   15228 |       0 |   0.0 |      18 |       0 |   0.0
      Tar:7 |   70136 |  110231 |  61.1 |      72 |      65 |  47.4
      Zot:1 |   86348 |   13320 |  13.4 |      56 |       6 |   9.7
      Zot:2 |   44460 |    3957 |   8.2 |      29 |       3 |   9.4
      Zot:3 |   56001 |   70051 |  55.6 |      34 |      28 |  45.2
      Zot:4 |   36811 |    5406 |  12.8 |      25 |       2 |   7.4
    Abyss:1 |   24356 |       0 |   0.0 |      51 |       0 |   0.0
    Abyss:2 |    7980 |       0 |   0.0 |      22 |       0 |   0.0
    Abyss:3 |  102012 |   33000 |  24.4 |     205 |      29 |  12.4
        Pan |   54138 |   28437 |  34.4 |      80 |      12 |  13.0
    Ossuary |       0 |     501 | 100.0 |       0 |      37 | 100.0
            +---------+---------+-------+---------+---------+-------
